 Dungeon Crawl Stone Soup version 0.31-a0-1620-gcbf77bbcfc (webtiles) character file.

Game seed: 4792499768022973132

580219 Jannitor the Stormcaller (level 25, -2/223 (224) HPs)
             Began as a Black Draconian Reaver on Jan 9, 2024.
             Was a Favourite Plaything of Xom.
             Killed from afar by a red draconian scorcher (28 damage)
             ... with damnation
             ... on level 2 of the Realm of Zot on Jan 11, 2024.
             The game lasted 03:31:35 (69790 turns).

Jannitor the Stormcaller (Black Draconian Reaver)  Turns: 69790, Time: 03:31:36

HP:   -2/223 (224)  AC: 19    Str: 18    XL:     25   Next: 35%
MP:   15/49         EV: 23    Int: 19    God:    Xom [*.....]
Gold: 5624          SH: 23    Dex: 13    Spells: 3/50 levels left

rFire   + . .        i - staff of conjuration
rCold   + + .        U - +5 kite shield {AC+3}
rNeg    . . .        (body armour unavailable)
rPois   +            (helmet unavailable)
rElec   +            G - +0 cloak "Vullepnua" {rF+ rCorr MP+9}
rCorr   +            M - +2 pair of gloves
SInv    +            (no boots)
Will    ++++.        C - amulet "Yboficat" {Reflect rPois rCorr SH+5}
Stlth   +            S - ring "Lofipa" {rC+ Will+ rCorr}
HPRegen 0.57/turn    d - ring of the Soothsayer {rC+ EV+5 SInv}
MPRegen 0.31/turn

%: reflection
@: maw-form, flying, contaminated, glowing, studying Stealth, lightly drained
A: devouring maw, flying, breathe lightning, AC +12, unfitting armour, big
wings, electricity resistance, cold-blooded, horns 3, strong-willed 2,
teleportitis 1, evolution 1, noise suppression
}: 4/15 runes: decaying, serpentine, slimy, silver
a: Breathe Lightning, Begin Untransformation, Renounce Religion


You were on level 2 of the Realm of Zot.
You worshipped Xom.
You were a special plaything of Xom.
You were a creature with a mouth for a stomach.
You visited 11 branches of the dungeon, and saw 50 of its levels.
You visited 1 bazaar.
You also visited: Sewer and Volcano.

You collected 9604 gold pieces.
You spent 3980 gold pieces at shops.

Inventory:

Missiles
 L - 3 throwing nets (quivered)
Armour
 s - the +1 cloak of Starlight {*Dazzle EV+4 Stlth--}
   (You found it on level 5 of the Pits of Slime)

   *Dazzle:   It may blind those who miss an attack against the wearer in melee
   combat.
   EV+4:      It affects your evasion (+4).
   Stlth--:   It makes you much less stealthy.
 y - a +2 hat
 G - the +0 cloak "Vullepnua" (worn) {rF+ rCorr MP+9}
   (You acquired it on level 3 of the Swamp)

   rF+:       It protects you from fire.
   MP+9:      It affects your magic capacity (+9).
   rCorr:     It protects you from acid and corrosion.
 M - a +2 pair of gloves (worn)
 U - a +5 kite shield of protection (worn)
Magical Staves
 i - a staff of conjuration (weapon)
Jewellery
 d - the ring of the Soothsayer (right hand) {rC+ EV+5 SInv}
   (You found it on level 5 of the Pits of Slime)

   [ring of evasion]

   EV+5:      It affects your evasion (+5).
   rC+:       It protects you from cold.
   SInv:      It lets you see invisible.
 x - the amulet "Nukhluji" {Reflect Will+ SH+5 Stlth+}
   (Xom gifted it to you in a bazaar)

   [amulet of reflection]

   Reflect:   It reflects blocked missile attacks.
   Will+:     It increases your willpower.
   SH+5:      It affects your SH (+5).
   Stlth+:    It makes you more stealthy.
 z - a ring of protection from fire
 C - the amulet "Yboficat" (around neck) {Reflect rPois rCorr SH+5}
   (You bought it in a shop on level 1 of the Depths)

   [amulet of reflection]

   Reflect:   It reflects blocked missile attacks.
   rPois:     It protects you from poison rCorr: It protects you from acid and
   corrosion.
   SH+5:      It affects your SH (+5).
 R - the ring "Gyesm" {Fly rC+ MP+9}
   (You found it on level 2 of the Depths)

   [ring of flight]

   rC+:       It protects you from cold.
   MP+9:      It affects your magic capacity (+9).
   Fly:       It grants you flight.
 S - the ring "Lofipa" (left hand) {rC+ Will+ rCorr}
   (You found it on level 5 of the Lair of Beasts)

   [ring of willpower]

   rC+:       It protects you from cold.
   Will+:     It increases your willpower.
   rCorr:     It protects you from acid and corrosion.
Talismans
 N - a maw talisman (active)
Wands
 j - a wand of digging (5)
 r - a wand of mindburst (25)
 t - a wand of iceblast (50)
 E - a wand of charming (52)
 K - a wand of flame (74)
 V - a wand of polymorph (13)
 W - a wand of light (17)
Scrolls
 a - 5 scrolls of vulnerability
 l - 9 scrolls of immolation
 m - 3 scrolls of revelation
 o - 2 scrolls of fog
 u - 4 scrolls of enchant armour
 w - a scroll of enchant weapon
 F - 10 scrolls of poison
 I - 4 scrolls of amnesia
 P - a scroll of silence
 Y - 5 scrolls of fear
 Z - 12 scrolls of teleportation
Potions
 b - a potion of cancellation
 c - 2 potions of haste
 f - a potion of ambrosia
 n - 13 potions of lignification
 p - 5 potions of berserk rage
 q - 13 potions of mutation
 v - 10 potions of enlightenment
 A - 4 potions of might
 B - 12 potions of brilliance
 J - 7 potions of invisibility
 O - 2 potions of resistance
 Q - 8 potions of curing
 T - 3 potions of magic
Miscellaneous
 h - a phial of floods
 k - a sack of spiders (inert)
 H - a lightning rod (4/4)
 X - a phantom mirror


   Skills:
 - Level 18.1 Fighting
 - Level 3.3 Long Blades
 - Level 12.7 Staves
 - Level 15.2 Dodging
 - Level 15.5 Shields
 - Level 13.4 Spellcasting
 + Level 17.2 Conjurations
 - Level 4.8 Translocations
 - Level 11.2 Fire Magic
 - Level 8.3 Ice Magic
 + Level 19.0 Air Magic
 - Level 13.2 Alchemy
 - Level 11.3 Evocations
 - Level 11.8 Shapeshifting


You had 3 spell levels left.
You knew the following spells:

 Your Spells              Type           Power      Damage    Failure   Level
a - Alistair's Intoxicat  Alch           38%        N/A       1%          5
b - Orb of Destruction    Conj           43%        9d12      6%          7
c - Mercury Vapours       Alch/Air       100%       N/A       1%          2
d - Olgreb's Toxic Radia  Alch           58%        N/A       1%          4
e - Eringya's Noxious Bo  Alch           29%        4d6       6%          6
f - Vhi's Electric Charg  Tloc/Air       100%       N/A       1%          4
g - Maxwell's Capacitive  Air            35%        ∞         22%         8
h - Plasma Beam           Fire/Air       31%        2x1d44    2%          6
i - Arcjolt               Conj/Air       44%        1d54      1%          5

Your spell library contained the following spells:

 Spells                   Type           Power      Damage    Failure   Level
 Magic Dart               Conj           100%       1d8       0%          1
 Sting                    Conj/Alch      100%       1d9       0%          1
 Searing Ray              Conj           100%       2d8       0%          2
 Apportation              Tloc           62%        N/A       1%          1
 Foxfire                  Conj/Fire      100%       2x1d9     1%          1
 Freeze                   Ice            100%       1d10      1%          1
 Kiss of Death            Conj/Necr      100%       2d13      1%          1
 Blink                    Tloc           62%        N/A       1%          2
 Cigotuvi's Dreadful Rot  Necr/Alch/Air  100%       N/A       1%          2
 Lesser Beckoning         Tloc           62%        N/A       1%          2
 Momentum Strike          Conj/Tloc      100%       3d10      1%          2
 Scorch                   Fire           100%       2d9       1%          2
 Dazzling Flash           Conj/Hex       100%       N/A       1%          3
 Frozen Ramparts          Ice            88%        1d14      1%          3
 Hailstorm                Conj/Ice       75%        3d13      1%          3
 Mephitic Cloud           Conj/Alch/Air  85%        N/A       1%          3
 Ozocubu's Armour         Ice            44%        N/A       1%          3
 Stone Arrow              Conj/Erth      100%       3d13      1%          3
 Volatile Blastmotes      Fire/Tloc      86%        2d17      1%          3
 Ensorcelled Hibernation  Hex/Ice        56%        N/A       2%          2
 Inner Flame              Hex/Fire       34%        N/A       2%          3
 Summon Ice Beast         Ice/Summ       28%        N/A       4%          3
 Necrotise                Necr           48%        1d6       9%          1
 Sandblast                Erth           24%        2d8       9%          1
 Slow                     Hex            48%        N/A       9%          1
 Summon Small Mammal      Summ           48%        N/A       9%          1
 Call Imp                 Summ           24%        N/A       13%         2
 Jinxbite                 Hex            24%        N/A       13%         2
 Sublimation of Blood     Necr           12%        N/A       13%         2
 Call Canine Familiar     Summ           12%        N/A       26%         3
 Confusing Touch          Hex            12%        N/A       26%         3
 Fugue of the Fallen      Necr           12%        N/A       26%         3
 Passwall                 Erth           12%        N/A       26%         3
 Sigil of Binding         Hex            12%        N/A       26%         3
 Vampiric Draining        Necr           12%        2d6       26%         3
 Flame Wave               Conj/Fire      79%        2d17      1%          4
 Fulminant Prism          Conj/Alch      40%        3d19      1%          4
 Sticky Flame             Fire/Alch      56%        2d10      1%          4
 Summon Lightning Spire   Summ/Air       48%        N/A       1%          4
 Fireball                 Conj/Fire      39%        3d16      1%          5
 Freezing Cloud           Conj/Ice/Air   40%        6-21      1%          5
 Iskenderun's Battlesphe  Conj           87%        2d13      1%          5
 Conjure Ball Lightning   Conj/Air       44%        3x3d15    1%          6
 Brom's Barrelling Bould  Conj/Erth      62%        2d8       2%          4
 Starburst                Conj/Fire      39%        6d11      3%          6
 Leda's Liquefaction      Alch/Erth      18%        N/A       5%          4
 Petrify                  Alch/Erth      37%        N/A       5%          4
 Manifold Assault         Tloc           31%        N/A       12%         4
 Sculpt Simulacrum        Ice/Alch       26%        N/A       16%         6
 Dimensional Bullseye     Hex/Tloc       10%        N/A       30%         4
 Bombard                  Conj/Erth      31%        9d6       36%         6
 Metabolic Englaciation   Hex/Ice        14%        N/A       38%         5
 Anguish                  Hex/Necr       6%         N/A       63%         4
 Animate Dead             Necr           12%        N/A       63%         4
 Cause Fear               Hex            6%         N/A       63%         4
 Dispel Undead            Necr           12%        3d9       63%         4
 Martyr's Knell           Necr/Summ      12%        N/A       63%         4
 Summon Forest            Summ/Tloc      10%        N/A       65%         5
 Dispersal                Tloc           15%        N/A       87%         6
 Borgnjor's Vile Clutch   Necr/Erth      6%         N/A       93%         5
 Curse of Agony           Necr           12%        N/A       93%         5
 Lee's Rapid Deconstruct  Erth           6%         3d6*      93%         5
 Ozocubu's Refrigeration  Ice            22%        4d12      93%         7
 Chain Lightning          Conj/Air       44%        3d59      99%         9
 Death Channel            Necr           6%         N/A       100%        6
 Summon Cactus Giant      Summ           6%         N/A       100%        6
 Enfeeble                 Hex            6%         N/A       100%        7
 Haunt                    Necr/Summ      6%         N/A       100%        7
 Summon Hydra             Summ           6%         N/A       100%        7
 Disjunction              Tloc           15%        N/A       100%        8
 Infestation              Necr           6%         N/A       100%        8
 Dragon's Call            Summ           6%         N/A       100%        9
 Fire Storm               Conj/Fire      39%        8d10      100%        9
 Polar Vortex             Ice            22%        12d2*     100%        9
 Shatter                  Erth           6%         3d9*      100%        9
 Animate Armour           Summ/Erth      Unusable   N/A       N/A         4

Dungeon Overview and Level Annotations

Branches:
Dungeon (15/15)            Temple (1/1) D:5            Lair (5/5) D:11
  Swamp (4/4) Lair:2        Snake (4/4) Lair:3        Slime (5/5) Lair:4
    Orc (2/2) D:10            Elf (3/3) Orc:2        Vaults (5/5) D:13
  Crypt (0/3) Vaults:2     Depths (4/4) D:15            Zot (2/5) Depths:4
  Sewer (visited)         Volcano (visited)

Altars:
Ashenzari
Cheibriados
Dithmenos
Elyvilon
Fedhas
Gozag
Hepliaklqana
Kikubaaqudgha
Makhleb
Nemelex Xobeh
Okawaru
Qazlal
Ru
Sif Muna
Trog
Uskayaw
Vehumet
Wu Jian
Xom
Yredelemnul
Zin
The Shining One
Jiyva

Shops:
D:4 (:   D:8 (   D:10 [   Orc:2 [[!*(   Elf:3 :   Snake:4 *   Vaults:1 [
Depths:1 ==:

Portals:
Hell: Depths:1 Depths:2 Depths:3 Depths:4
Abyss: D:7 Depths:3
Pandemonium: Depths:2 Depths:3
Ziggurat: Depths:4

Annotations:
D:8 1 transporter
Swamp:4 1 runed translucent door, Roxanne; topfpfpflanze's ghost, adept FeCj
Elf:3 1 runed translucent door, Zontaigg's ghost, adept GrBe
Depths:3 2 transporters, Sias's ghost, adept TeSh
Zot:1 3 runed translucent doors, Hakotaro's ghost, master OpCj; Leown's ghost, legendary KoDe; chuckiee3's ghost, adept MiFi


Innate Abilities, Weirdness & Mutations

You are a creature with a mouth for a stomach.
Your midsection houses a second, enormous mouth.
You are flying.
You can breathe wild blasts of lightning.
Your glossy black scales are hard. (AC +12)
You cannot fit into any form of body armour.
Your large and strong wings let you fly.
You are resistant to electric shocks. (rElec)
You are cold-blooded and may be slowed by cold attacks.
You have a pair of large horns on your head.
You are highly strong-willed. (Will++)
You are occasionally teleported next to monsters.
You have hidden genetic potential.
You passively dampen the noise of your surroundings.


Message History

You are lightly contaminated with residual magic.
You feel much better.
You block the protean progenitor's attack.
The purple draconian shifter gestures wildly while chanting.
The purple draconian shifter blinks!
The protean progenitor misses you.
Unknown command.
You feel better.
The protean progenitor mumbles some strange words.
The protean progenitor erupts in a fountain of uncontrolled magic!
You are blasted with magical radiation!!!
* * * LOW HITPOINT WARNING * * *
Xom roars with laughter!
You are contaminated with residual magic.
Blink to where?
Press: ? - help, Dir - move target, p - purple draconian shifter
As you read the scroll of blinking, it crumbles to dust.
Unknown command.
Unknown command.
Aiming: Mindburst
Press: ? - help, Shift-Dir - straight line, f - protean progenitor
Aim: a protean progenitor (heavily wounded, chance to affect: 18%)
Okay, then.
Unknown command.
Aiming: Iceblast
Press: ? - help, Shift-Dir - straight line The mass of ice explodes!
The iceblast engulfs the protean progenitor!!
The protean progenitor is almost dead.
Unknown command.
Your surroundings suddenly seem different. 3 draconians, a moth of wrath and a storm dragon come into view.
A black draconian knight is wielding a +2 long sword of holy wrath.
The purple draconian shifter roars!
The black draconian knight roars!
The storm dragon roars deafeningly!
The moth of wrath goads the black draconian on!
The black draconian goes berserk!
The red draconian scorcher gestures at you while chanting.
The sphere of damnation explodes!
The damnation engulfs you!!
You die...
Xom chuckles heartily!

#.. #....
##. #..
#.... #.'
#.. #.....
..# #..
#..... ..
#..
#...q.##'##
#..
#...qd....#
#..
#...qy....#
#..
#......W..#
#..
#.........#
#..
#.........#
#..
#.........#
#..
#......D..#
#..
###########
###


You could see a black draconian knight, a storm dragon, a black draconian
(berserk), a purple draconian shifter, a red draconian scorcher and a moth of
wrath.

Vanquished Creatures
  the Royal Jelly (Slime:5)
  Mara (Depths:1)
  Mennas (Vaults:3)
  Sojobo (Vaults:3)
  Bai Suzhen (Elf:3)
  Boris (D:15)
  A shard shrike (Zot:1)
  3 golden dragons
  Nikola (Vaults:1)
  2 doom hounds (Zot:1)
  Zenata (Vaults:1)
  10 tentacled monstrosities
  A walking earthen tome (Depths:2)
  2 liches
  Grunn (Zot:1)
  2 deep elf master archers (Elf:3)
  8 acid blobs
  A walking frostbound tome (Depths:3)
  6 titans
  A quicksilver dragon (Zot:1)
  3 deep elf blademasters
  6 sphinxes
  A death cob (Zot:2)
  11 tengu reavers
  6 shadow dragons
  8 nagarajas
  11 storm dragons
  9 azure jellies
  3 fenstrider witches
  A revenant (Vaults:2)
  Aizul (Elf:3)
  Donald (Orc:2)
  3 protean progenitors
  5 draconian monks
  9 frost giants
  4 draconian shifters
  8 rockslimes
  An iron dragon (Vaults:5)
  5 fire giants
  8 draconian scorchers
  3 draconian knights
  15 vault wardens
  A ghost moth (Zot:2)
  6 draconian stormcallers
  A balrug (Depths:3)
  11 deep elf sorcerers
  Louise (Snake:4)
  4 deep elf elementalists
  An orc warlord (Orc:1)
  A spriggan defender (Depths:2)
  6 formless jellyfish
  9 stone giants
  16 ironbound preservers
  4 draconian annihilators
  A cacodemon (Depths:3)
  12 quicksilver oozes
  26 very ugly things
  7 ironbound thunderhulks
  Nessos (D:12)
  5 vampire knights
  2 war gargoyles (Vaults:4)
  5 deep elf demonologists
  5 green draconians
  5 eleionomae
  11 black draconians
  2 white draconians
  5 deep elf death magi (Elf:3)
  11 dire elephants
  4 bunyips
  4 spark wasps
  11 red draconians
  6 deep elf annihilators
  4 purple draconians
  8 yellow draconians
  A crystal guardian (Vaults:4)
  11 ettins
  2 green deaths (Swamp:4)
  A jiangshi (Vaults:2)
  A blizzard demon (Zot:1)
  7 deep elf high priests
  13 fire dragons
  8 great orbs of eyes
  2 merfolk javelineers (Depths:1)
  13 yaktaur captains
  The ghost of GordonOverkill the Arsonist, a journeyman SpDe of Vehumet (Lair:4)
  5 rakshasas
  15 hydras
  35 vault guards
  An entropy weaver (Vaults:1)
  2 hell beasts (Swamp:4)
  A catoblepas (Lair:5)
  6 alligators
  3 spriggan air magi
  6 ice dragons
  4 ghost crabs
  4 peacekeepers
  8 ironbound frosthearts
  2 anacondas
  19 two-headed ogres
  8 ogre magi
  18 dancing weapons
  2 satyrs (Zot:1)
  16 centaur warriors
  6 boulder beetles
  2 tengu warriors
  7 deep troll earth magi
  2 death yaks (Lair:5)
  2 vampire magi
  2 shock serpents
  8 deep troll shamans
  7 spriggans
  18 naga warriors
  12 naga sharpshooters
  2 thrashing horrors (Swamp:4)
  19 hell knights
  6 occultists
  A soul eater (Depths:2)
  8 spriggan berserkers
  14 deep elf knights
  5 iron trolls
  2 spectral death yaks
  Amaemon (D:11)
  5 skeletal warriors
  A storm dragon zombie (D:15)
  53 deep trolls
  5 salamander mystics
  A sea snake (shapeshifter) (Depths:2)
  3 spriggan druids
  A death drake (Swamp:4)
  4 mana vipers
  2 obsidian statues
  3 flayed ghosts (Depths:2)
  2 goliath frogs (Swamp:2)
  A naga ritualist (Snake:3)
  A harpy (shapeshifter) (D:15)
  11 swamp dragons
  9 bog bodies
  A glowing orange brain (Vaults:3)
  10 arcanists
  9 deep elf archers
  A spectral hydra (Lair:4)
  11 ironbound convokers
  17 lindwurms
  3 orc knights
  27 deep elf zephyrmancers
  9 necromancers
  A lindwurm (shapeshifter) (Depths:2)
  3 phantasmal warriors
  39 deep elf pyromancers
  3 orc sorcerers
  3 shining eyes (Slime:2)
  19 salamanders
  7 will-o-the-wisps
  A faun (shapeshifter) (Elf:1)
  An oklob plant (Lair:2)
  28 ugly things
  8 moths of wrath
  2 shining eyes (shapeshifter)
  A manticore (D:14)
  An elephant (shapeshifter) (Depths:2)
  A black mamba (shapeshifter) (D:15)
  7 cyclopes
  3 meliai (D:15)
  A moth of wrath (shapeshifter) (Depths:4)
  3 guardian serpents
  15 elephants
  15 vault sentinels
  19 black mambas
  A torpor snail (Lair:2)
  9 naga magi
  A water nymph (Swamp:1)
  Maggie (Lair:2)
  5 eyes of devastation
  2 large abominations (Swamp:4)
  2 dire elephant skeletons (Lair:5)
  11 cane toads
  2 unseen horrors (D:12)
  3 orange demons
  3 gargoyles
  A smoke demon (Depths:3)
  3 unseen horror zombies (D:8)
  3 freezing wraiths
  5 rime drakes
  A komodo dragon (shapeshifter) (Elf:3)
  22 yaktaurs
  12 komodo dragons
  A tengu conjurer (D:14)
  A queen bee (shapeshifter) (Elf:3)
  2 polar bears
  4 trolls
  9 tyrant leeches
  2 bloated husks
  Grinder (D:4)
  A glass eye (shapeshifter) (Depths:2)
  7 hornets
  8 glass eyes
  A spectral elephant (Lair:5)
  4 blink frogs (Lair:2)
  2 raiju (shapeshifter)
  A tarantella (Vaults:1)
  57 slime creatures
  2 spriggan skeletons (D:15)
  Sigmund (D:4)
  The ghost of iamserjio the Ruffian, an amateur VSMo (D:7)
  13 water elementals
  A culicivora (shapeshifter) (Lair:3)
  5 wyverns
  3 vampires
  4 air elementals
  A human (shapeshifter) (D:15)
  54 yaks
  7 shadows
  2 wraiths
  A spectral komodo dragon (Lair:4)
  A fire bat (shapeshifter) (Elf:1)
  4 wargs
  A yak (shapeshifter) (Elf:2)
  4 steam dragons
  A death yak simulacrum (Lair:5)
  2 fire elementals
  2 basilisks (Lair:2)
  2 golden eyes (Slime:2)
  2 redbacks (Vaults:1)
  9 vampire mosquitoes
  Menkaure (D:7)
  16 swamp worms
  28 nagas
  3 acid dragons
  A spectral cane toad (Lair:5)
  A hydra simulacrum (Lair:4)
  13 water moccasins
  2 hell hounds (Volcano)
  A swamp drake (shapeshifter) (D:15)
  21 orc warriors
  3 swamp drakes
  5 spriggan simulacra (Depths:2)
  3 ice beasts
  A hornet zombie (D:8)
  3 sky beasts
  5 black bears
  A boulder beetle simulacrum (Lair:4)
  A boggart (Elf:1)
  A black bear (shapeshifter) (D:15)
  A crocodile (Sewer)
  An elephant zombie (Lair:5)
  24 wolves
  30 ogres
  13 centaurs
  2 phantoms
  3 kobold brigands
  A brain worm (Sewer)
  3 gnoll sergeants
  A wyvern zombie (D:8)
  10 bullfrogs
  2 earth elementals (Elf:1)
  A small abomination (D:7)
  A cane toad simulacrum (Lair:5)
  10 wights
  2 burial acolytes (D:8)
  An elephant simulacrum (Lair:4)
  7 killer bees
  9 howler monkeys
  A centaur zombie (D:8)
  A quasit (D:7)
  3 bombardier beetles (D:5)
  A jelly (D:5)
  8 orc priests
  7 hounds
  A human zombie (D:8)
  2 iguanas
  Ijyb (D:4)
  Natasha (thrice) (D:3)
  13 orc wizards
  A howler monkey zombie (D:8)
  10 gnolls
  8 adders
  2 shadow imps
  4 dart slugs
  4 ribbon worms
  69 orcs
  5 endoplasms
  6 giant cockroaches
  2 goblins (D:1)
  8 hobgoblins
  5 jackals (D:3)
  7 quokkas
  7 ball pythons
  9 bats
  5 frilled lizards
  14 kobolds
  5 rats (D:1)
1829 creatures vanquished.

Vanquished Creatures (collateral kills)
  Jorgrun (Swamp:3)
  Mlioglotl (Swamp:1)
  An acid blob (Slime:5)
  Asterion (Elf:3)
  A shadow dragon (Vaults:5)
  10 nagarajas
  A tengu reaver (Vaults:3)
  2 draconian knights
  An ironbound preserver (Vaults:5)
  2 draconian annihilators (Zot:1)
  A black draconian (Zot:1)
  A dire elephant (Lair:5)
  A red draconian (Zot:1)
  2 crystal guardians (Vaults:1)
  An ice dragon (D:14)
  A vault guard (Vaults:4)
  2 salamander tyrants (Snake:4)
  5 anacondas
  3 ironbound frosthearts (Vaults:4)
  A peacekeeper (Vaults:1)
  7 naga warriors
  A naga sharpshooter (Snake:1)
  A shock serpent (Snake:1)
  A deep elf knight (Elf:3)
  6 naga ritualists
  A deep troll (Depths:3)
  A spectral anaconda (Lair:5)
  A mana viper (Snake:2)
  An ironbound convoker (Vaults:4)
  4 salamanders
  4 ugly things (D:14)
  5 guardian serpents
  12 black mambas
  7 naga magi
  3 centaur simulacra (D:14)
  A water elemental (Depths:1)
  14 nagas
  An ogre (D:5)
  A wight (D:9)
  An elephant simulacrum (Lair:5)
112 creatures vanquished.

Vanquished Creatures (others)
  A draconian knight (Zot:2)
  A very ugly thing (Depths:3)
  A black draconian (Zot:1)
  A blizzard demon (Zot:1)
  A hydra (Lair:5)
  An anaconda (Snake:4)
  An occultist (Depths:3)
  7 dancing weapons
  An iron troll (Depths:3)
  A deep troll (Depths:3)
  A deep elf pyromancer (Elf:2)
  A cane toad (Lair:5)
  2 bloated husks (Swamp:1)
  A naga (Snake:1)
  A howler monkey (D:7)
  24 foxfires
46 creatures vanquished.

Grand Total: 1987 creatures vanquished

Notes
Turn   | Place    | Note
-------+----------+-------------------------------------------
     0 | D:1      | Jannitor the Draconian Reaver began the quest for the Orb.
     0 | D:1      | Reached XP level 1. HP: 17/17 MP: 3/3
   189 | D:1      | Reached XP level 2. HP: 25/25 MP: 5/5
   405 | D:1      | Reached XP level 3. HP: 30/30 MP: 6/6
   764 | D:2      | Found the +7 staff of the Meek {protect, meekguard}
  1002 | D:2      | Found a bloodstained altar of Trog.
  1672 | D:3      | Reached XP level 4. HP: 30/37 MP: 7/7
  1727 | D:3      | Reached skill level 1 in Staves
  1830 | D:3      | Noticed Natasha
  2169 | D:3      | Killed Natasha
  2170 | D:3      | Reached XP level 5. HP: 42/45 MP: 9/9
  2216 | D:3      | Noticed Natasha
  2226 | D:3      | Killed Natasha
  2259 | D:3      | Noticed Natasha
  2266 | D:3      | Killed Natasha
  2447 | D:3      | Found a faded altar of an unknown god.
  2471 | D:4      | Found a snail-covered altar of Cheibriados.
  2620 | D:4      | Learned a level 1 spell: Sting
  2623 | D:4      | Learned a level 2 spell: Mercury Vapours
  2628 | D:4      | Learned a level 4 spell: Olgreb's Toxic Radiance
  2730 | D:4      | Noticed Sigmund
  2731 | D:4      | Noticed Ijyb
  2846 | D:5      | Entered Level 5 of the Dungeon
  2915 | D:5      | Found a stormy altar of Qazlal.
  2946 | D:5      | Reached XP level 6. HP: 51/51 MP: 10/10
  2987 | D:5      | Noticed an ice beast
  3013 | D:4      | Noticed Grinder
  3021 | D:5      | Killed an ice beast
  3022 | D:5      | Reached skill level 1 in Alchemy
  3063 | D:5      | Noticed an ice beast
  3069 | D:5      | Killed an ice beast
  3302 | D:5      | Your scales start taking on a glossy black colour.
  3302 | D:5      | Reached XP level 7. HP: 59/59 MP: 12/12
  3302 | D:5      | Gained mutation: You are resistant to electric shocks.
                  | (rElec) [Black Draconian growth]
  3322 | D:5      | Found a shimmering altar of Xom.
  3331 | D:5      | Found a staircase to the Ecumenical Temple.
  3356 | D:5      | Became a worshipper of Xom of Unknown Intention
  3399 | D:5      | XOM: enchant monster (good)
  3602 | Temple   | Entered the Ecumenical Temple
  3681 | D:5      | XOM: fog
  3706 | D:5      | XOM: fog
  3711 | D:5      | XOM: summons 5 friendly demons
  3804 | D:5      | Reached XP level 8. HP: 64/67 MP: 9/13
  3869 | D:6      | Found a basalt altar of Yredelemnul.
  4096 | D:6      | XOM: give mutations
  4096 | D:6      | Gained mutation: Your muscles are strong. (Str +4, Int/Dex
                  | -1) [Xom's grace]
  4096 | D:6      | Gained mutation: Your natural rate of healing is unusually
                  | fast. [Xom's grace]
  4096 | D:6      | Gained mutation: You heal very quickly. [Xom's grace]
  4139 | D:6      | Found a glowing golden altar of the Shining One.
  4234 | D:6      | Reached skill level 5 in Conjurations
  4245 | D:6      | Reached skill level 5 in Fighting
  4388 | D:6      | Found a glowing drain.
  4408 | Sewer    | Entered a sewer
  4431 | Sewer    | Reached skill level 5 in Alchemy
  4493 | Sewer    | XOM: summons 2 hostile shadow creatures
  4506 | Sewer    | XOM: silly message
  4730 | D:6      | Reached XP level 9. HP: 73/74 MP: 11/15
  4982 | D:7      | XOM: silly message
  5027 | D:7      | XOM: enchant monster (bad)
  5137 | D:7      | XOM: cast spell 'Fugue of the Fallen'
  5145 | D:7      | Reached skill level 5 in Spellcasting
  5154 | D:7      | Reached skill level 5 in Dodging
  5159 | D:7      | Reached skill level 5 in Staves
  5283 | D:7      | Found a transporter.
  5310 | D:7      | Found a transporter.
  5428 | D:7      | Noticed Menkaure
  5437 | D:7      | XOM: enchant monster (good)
  5455 | D:7      | Noticed iamserjio's ghost (amateur VSMo)
  5497 | D:7      | XOM: scenery: create altars
  5499 | D:7      | XOM: smoke on damage
  5504 | D:6      | HP: 5/117 [something (10)]
  5510 | D:6      | HP: 5/117 [something (8)]
  5547 | D:6      | XOM: scenery: create altars
  5824 | D:8      | Found a shimmering blue altar of Sif Muna.
  5889 | D:8      | Reached XP level 10. HP: 79/84 MP: 13/18
  5938 | D:8      | XOM: swap monsters
  6176 | D:8      | Found a transporter.
  6207 | D:8      | Found Nikony's Weapon Shoppe.
  6219 | D:8      | Noticed a two-headed ogre
  6227 | D:8      | Killed a two-headed ogre
  6256 | D:8      | Reached skill level 1 in Evocations
  6287 | D:8      | Found an ancient bone altar of Kikubaaqudgha.
  6444 | D:8      | Found a transporter.
  6448 | D:8      | Found a transporter.
  6449 | D:8      | Found a transporter.
  6638 | D:8      | Found a burning altar of Makhleb.
  6932 | D:9      | Found a bloodstained altar of Trog.
  6932 | D:9      | XOM: 1-stop teleportation journey
  7024 | D:9      | XOM: 2-stop teleportation journey
  7124 | D:9      | Noticed a boulder beetle
  7128 | D:9      | XOM: summons friendly quasit
  7136 | D:9      | Killed a boulder beetle
  7137 | D:9      | Reached XP level 11. HP: 74/92 MP: 13/20
  7232 | D:9      | XOM: god gift: wand of charming (8)
  7263 | D:9      | XOM: cleaving
  7324 | D:9      | XOM: give mutations
  7324 | D:9      | Gained mutation: You have a pair of small horns on your
                  | head. [Xom's grace]
  7324 | D:9      | Gained mutation: Your muscles are very strong. (Str +8,
                  | Int/Dex -2) [Xom's grace]
  7324 | D:9      | Gained mutation: You have sharp toenails. [Xom's grace]
  7324 | D:9      | Gained mutation: Your spells are a little harder to cast,
                  | but a little more powerful. [Xom's grace]
  7458 | D:9      | XOM: scenery: create altars
  7975 | D:10     | Entered Level 10 of the Dungeon
  7988 | D:10     | XOM is BORED!
  7988 | D:10     | XOM: noise
  8020 | D:10     | Found an iron altar of Okawaru.
  8059 | D:10     | Found a staircase to the Orcish Mines.
  8119 | D:10     | Learned a level 5 spell: Alistair's Intoxication
  8126 | D:10     | Learned a level 6 spell: Eringya's Noxious Bog
  8214 | D:10     | XOM: enchant monster (bad)
  8268 | D:10     | Found Edav's Antique Armour Emporium.
  8693 | D:11     | Noticed Amaemon
  8697 | D:11     | XOM: divination: magic mapping
  8718 | D:11     | XOM: scenery: 3 doors open
  8778 | D:11     | Killed Amaemon
  8783 | D:11     | XOM: summons friendly ufetubus
  8784 | D:11     | XOM: butterfly on damage
  9341 | D:11     | Noticed a two-headed ogre
  9352 | D:11     | Killed a two-headed ogre
  9458 | D:11     | XOM: noise
  9629 | D:11     | Found a staircase to the Lair.
  9759 | D:11     | XOM: silly message
  9854 | Lair:1   | Entered Level 1 of the Lair of Beasts
  9897 | Lair:1   | XOM: silly message
  9926 | Lair:1   | Identified a scroll of acquirement
  9932 | Lair:1   | Acquired the ring "Suoptad" {Will+ Int+6}
  9967 | Lair:1   | Reached XP level 12. HP: 62/103 MP: 22/22
 10196 | Lair:1   | XOM: cast spell 'Dispersal'
 10249 | Lair:1   | Identified the +8 shortbow "Maczoar" {elec, *Corrode rPois
                  | Int-3 SInv}
 10282 | Lair:1   | XOM: silly message
 10286 | Lair:1   | Reached skill level 10 in Alchemy
 10709 | Lair:2   | XOM: 2-stop teleportation journey
 10710 | Lair:2   | XOM: confuse monster(s)
 10716 | Lair:2   | Noticed Maggie
 10737 | Lair:2   | Killed Maggie
 10872 | Lair:2   | Found an opulent altar of Gozag.
 10976 | Lair:2   | XOM: 3-stop teleportation journey
 11173 | Lair:2   | Reached skill level 5 in Evocations
 11285 | Lair:2   | XOM: confuse monster(s)
 11439 | Lair:2   | Found a staircase to the Swamp.
 11860 | Lair:3   | Found a staircase to the Snake Pit.
 11938 | Lair:3   | XOM: enchant monster (good)
 11944 | Lair:3   | XOM: destruction
 11948 | Lair:3   | XOM: divination: detect items
 11952 | Lair:3   | Upgraded the game from 0.31-a0-1612-g4aaf141004 to
                  | 0.31-a0-1616-gbeaec30b81
 11952 | Lair:3   | XOM: fog
 11954 | Lair:3   | XOM: scenery: summon butterflies
 12059 | Lair:3   | XOM: scenery: create altars
 12069 | Lair:3   | XOM: cleaving
 12219 | Lair:3   | XOM: give mutation
 12219 | Lair:3   | Gained mutation: Your tail ends in a venomous barb. [Xom's
                  | grace]
 12411 | Lair:3   | XOM: divination: detect items
 12567 | Lair:3   | XOM: scenery: summon butterflies
 12711 | Lair:4   | Reached XP level 13. HP: 111/111 MP: 14/24
 12717 | Lair:4   | Found a viscous altar of Jiyva.
 12718 | Lair:4   | XOM: scenery: summon butterflies
 12836 | Lair:3   | XOM: give mutations
 12836 | Lair:3   | Gained mutation: Your spells are harder to cast, but more
                  | powerful. [Xom's mischief]
 12836 | Lair:3   | Lost mutation: You have a pair of small horns on your head.
                  | [Xom's mischief]
 12836 | Lair:3   | Gained mutation: You have a pair of small horns on your
                  | head. [Xom's mischief]
 12868 | Lair:4   | Found a glowing golden altar of the Shining One.
 12917 | Lair:4   | Found a runed translucent gate.
 12917 | Lair:4   | Found a runed translucent gate.
 12920 | Lair:4   | Found a runed translucent gate.
 12921 | Lair:4   | Noticed GordonOverkill's ghost (journeyman SpDe)
 12939 | Lair:4   | Found a staircase to the Slime Pits.
 12961 | Lair:4   | XOM: 1-stop teleportation journey
 13065 | Lair:4   | XOM: divine lightning
 13086 | Lair:3   | XOM: confuse monster(s)
 13215 | Lair:4   | Identified the +3 halberd "Concordance" {elec, rCorr SInv}
 13307 | Lair:4   | XOM: god gift: 56 gold pieces
 13361 | Lair:4   | XOM: cloud trail
 13363 | Lair:4   | XOM: god gift: javelin
 13579 | Lair:4   | XOM: confuse monster(s)
 13810 | Lair:4   | XOM is BORED!
 14058 | Lair:5   | Entered Level 5 of the Lair of Beasts
 14154 | Lair:5   | Found a dark tunnel.
 14177 | Volcano  | Entered a volcano
 14187 | Volcano  | XOM: swap monsters
 14300 | Volcano  | XOM: polymorph steam dragon -> howler monkey
 14449 | Volcano  | XOM: scenery: summon butterflies
 14557 | Volcano  | XOM: divination: magic mapping
 14567 | Volcano  | Reached skill level 10 in Fighting
 14617 | Volcano  | XOM: stat loss: -1 Str (25/26)
 14666 | Volcano  | XOM: give mutations
 14666 | Volcano  | Gained mutation: Your large and strong wings let you fly.
                  | [Xom's grace]
 14666 | Volcano  | Gained mutation: You are agile. (Dex +4, Str/Int -1) [Xom's
                  | grace]
 14666 | Volcano  | Gained mutation: You have hidden genetic potential. [Xom's
                  | grace]
 14666 | Volcano  | Gained mutation: You have supernaturally acute eyesight.
                  | (SInv) [Xom's grace]
 14677 | Volcano  | Noticed a fire dragon
 14678 | Volcano  | XOM: summons 2 friendly demons
 14689 | Volcano  | Killed a fire dragon
 14784 | Lair:5   | XOM: enchant monster (good)
 14785 | Lair:5   | XOM: fog
 14797 | Lair:5   | XOM: blink monster(s)
 14918 | Lair:4   | XOM: give mutations
 14918 | Lair:4   | Lost mutation: You have hidden genetic potential. [Xom's
                  | mischief]
 14918 | Lair:4   | Lost mutation: You heal very quickly. [Xom's mischief]
 14918 | Lair:4   | Lost mutation: Your tail ends in a venomous barb. [Xom's
                  | mischief]
 14918 | Lair:4   | Lost mutation: Your muscles are very strong. (Str +8,
                  | Int/Dex -2) [Xom's mischief]
 14979 | Lair:5   | XOM: swap monsters
 15185 | Lair:5   | XOM: cloud trail
 15262 | Lair:5   | XOM: summons 4 friendly demons
 15263 | Lair:5   | XOM: cast spell 'Fugue of the Fallen'
 15290 | Lair:5   | XOM: summons 1 hostile demon
 15322 | Lair:5   | XOM: 4-stop teleportation journey
 15357 | Lair:5   | Found a shimmering altar of Xom.
 15416 | Lair:5   | XOM: cleaving
 15521 | Lair:5   | XOM: divination: detect creatures
 15624 | Lair:5   | XOM: scenery: summon butterflies
 15730 | Lair:5   | XOM: god gift: book of Geomancy
 15745 | Lair:5   | Noticed a dire elephant
 15745 | Lair:5   | Noticed a dire elephant
 15745 | Lair:5   | Noticed a dire elephant
 15746 | Lair:5   | XOM: blink monster(s)
 15749 | Lair:5   | Noticed a dire elephant
 15771 | Lair:5   | XOM: give mutations
 15771 | Lair:5   | Lost mutation: Your spells are harder to cast, but more
                  | powerful. [Xom's mischief]
 15771 | Lair:5   | Gained mutation: Potions are less effective at restoring
                  | your health. [Xom's mischief]
 15771 | Lair:5   | Gained mutation: Your mind is acute. (Int +4, Str/Dex -1)
                  | [Xom's mischief]
 15771 | Lair:5   | Lost mutation: You have supernaturally acute eyesight.
                  | (SInv) [Xom's mischief]
 15783 | Lair:5   | Killed a dire elephant
 16144 | Lair:5   | XOM: divination: detect creatures
 16157 | Lair:5   | XOM: scenery: 2 doors close
 16189 | Lair:5   | XOM: give mutations
 16189 | Lair:5   | Gained mutation: You sometimes lose your temper in combat.
                  | [Xom's mischief]
 16189 | Lair:5   | Lost mutation: You sometimes lose your temper in combat.
                  | [Xom's mischief]
 16189 | Lair:5   | Lost mutation: Your mind is acute. (Int +4, Str/Dex -1)
                  | [Xom's mischief]
 16189 | Lair:5   | Lost mutation: Your spells are a little harder to cast, but
                  | a little more powerful. [Xom's mischief]
 16314 | Lair:5   | Mutation became permanent: Your large and strong wings let
                  | you fly. [Black Draconian growth]
 16314 | Lair:5   | Gained mutation: Your large and strong wings let you fly.
                  | [Black Draconian growth]
 16314 | Lair:5   | Reached XP level 14. HP: 122/122 MP: 26/26
 16368 | Lair:5   | XOM: summons friendly crimson imp
 16398 | Lair:5   | XOM: divine lightning
 16482 | Lair:5   | Identified the ring "Lofipa" {rC+ Will+ rCorr}
 16504 | Lair:5   | XOM: give mutations
 16504 | Lair:5   | Gained mutation: You are very agile. (Dex +8, Str/Int -2)
                  | [Xom's grace]
 16504 | Lair:5   | Lost mutation: You have sharp toenails. [Xom's grace]
 16504 | Lair:5   | Gained mutation: You have large cloven feet. [Xom's grace]
 16569 | Lair:5   | XOM: draining
 16632 | Lair:5   | XOM: 3-stop teleportation journey
 16640 | Lair:5   | XOM: noise
 16690 | Lair:5   | XOM: summons 7 friendly demons
 16714 | Lair:5   | Reached skill level 10 in Conjurations
 16773 | Lair:5   | XOM: give mutation
 16773 | Lair:5   | Gained mutation: You have hoof-like feet. [Xom's grace]
 16777 | Lair:5   | XOM: cloud trail
 16982 | Lair:5   | XOM: god gift: 11 gold pieces
 17020 | Lair:5   | XOM: scenery: create altars
 17027 | Lair:5   | XOM: divination: detect items
 17307 | Orc:1    | Entered Level 1 of the Orcish Mines
 17344 | Orc:1    | XOM: cast spell 'Dispersal'
 17350 | Orc:1    | XOM: confuse monster(s)
 17380 | Orc:1    | You are sucked into a shaft and drop 1 floor!
 17380 | Orc:2    | Entered Level 2 of the Orcish Mines
 17442 | Orc:2    | Noticed Donald
 17453 | Orc:2    | Killed Donald
 17490 | Orc:1    | Noticed an orc warlord
 17501 | Orc:1    | Killed an orc warlord
 17618 | Orc:2    | Found Rawa's Antique Armour Shop.
 17754 | Orc:1    | XOM: destruction
 18056 | Orc:2    | Reached skill level 10 in Staves
 18080 | Orc:2    | XOM: divination: magic mapping
 18089 | Orc:2    | XOM: confuse monster(s)
 18138 | Orc:2    | XOM: summons friendly ufetubus
 18468 | Orc:2    | Found Ocsemom's Distillery.
 18468 | Orc:2    | Found Ycut's Antique Weapon Shop.
 18468 | Orc:2    | Found Cisanirgh's Antique Armour Boutique.
 18468 | Orc:2    | Found Fuda's General Store.
 18475 | Orc:2    | Bought a potion of invisibility for 96 gold pieces
 18475 | Orc:2    | Bought 2 potions of ambrosia for 192 gold pieces
 18479 | Orc:2    | Bought a potion of enlightenment for 60 gold pieces
 18479 | Orc:2    | Bought a potion of resistance for 120 gold pieces
 18479 | Orc:2    | Bought a potion of heal wounds for 60 gold pieces
 18479 | Orc:2    | Bought 2 potions of curing for 72 gold pieces
 18479 | Orc:2    | Bought a potion of curing for 36 gold pieces
 18479 | Orc:2    | Bought a potion of mutation for 96 gold pieces
 18545 | Orc:2    | Found a staircase to the Elven Halls.
 18742 | Orc:2    | XOM: give mutations
 18742 | Orc:2    | Lost mutation: You have hoof-like feet. [Xom's mischief]
 18742 | Orc:2    | Gained mutation: You are occasionally teleported next to
                  | monsters. [Xom's mischief]
 18875 | D:12     | XOM: noise
 18896 | D:12     | XOM: 2-stop teleportation journey
 18903 | D:12     | Reached XP level 15. HP: 55/130 MP: 22/28
 18989 | D:12     | XOM: potion effect (brilliance)
 18997 | D:12     | XOM: scenery: summon butterflies
 19073 | D:12     | XOM: silly message
 19277 | D:12     | Noticed Nessos
 19314 | D:12     | XOM is BORED!
 19336 | D:12     | XOM: divination: magic mapping
 19338 | D:12     | XOM: god gift: 8 stones
 19548 | D:12     | XOM: summons 1 hostile demon
 19665 | D:12     | XOM: polymorph arcanist -> slime creature
 19709 | D:12     | Reached skill level 10 in Dodging
 19724 | D:12     | Your ally Nessos died
 19916 | D:12     | XOM: summons 1 hostile demon
 19979 | D:12     | XOM: noise
 20258 | D:13     | XOM: cast spell 'Summon Small Mammal'
 20261 | D:13     | XOM: noise
 20365 | D:13     | Found a gate to the Vaults.
 20502 | D:13     | XOM: noise
 21015 | D:14     | XOM: polymorph centaur warrior -> moth of wrath
 21017 | D:14     | XOM: enchant monster (bad)
 21122 | D:14     | Reached XP level 16. HP: 139/139 MP: 29/29
 21234 | D:14     | XOM: scenery: 8 doors open
 21236 | D:14     | XOM: fog
 21470 | Lair:1   | XOM: give mutations
 21470 | Lair:1   | Gained mutation: You are strong-willed. (Will+) [Xom's
                  | grace]
 21470 | Lair:1   | Gained mutation: You expend magic power (3 MP) to
                  | strengthen your wands. [Xom's grace]
 21470 | Lair:1   | Gained mutation: You passively dampen the noise of your
                  | surroundings. [Xom's grace]
 21470 | Lair:1   | Gained mutation: You have hoof-like feet. [Xom's grace]
 21475 | Lair:1   | Learned a level 3 spell: Hailstorm
 21552 | Snake:1  | Entered Level 1 of the Snake Pit
 21618 | Snake:1  | XOM: scenery: create altars
 22067 | D:14     | Reached skill level 1 in Ice Magic
 22181 | D:14     | Reached skill level 10 in Spellcasting
 22314 | D:14     | XOM: scenery: 1 doors open, 1 doors close
 22385 | D:14     | Found a hazy altar of Hepliaklqana.
 22479 | D:14     | XOM: give mutations
 22479 | D:14     | Gained mutation: You have hidden genetic potential. [Xom's
                  | grace]
 22479 | D:14     | Gained mutation: You are robust. (+10% HP) [Xom's grace]
 22479 | D:14     | Gained mutation: Your tail ends in a venomous barb. [Xom's
                  | grace]
 22479 | D:14     | Gained mutation: Your system is resistant to poisons.
                  | (rPois) [Xom's grace]
 22620 | D:14     | XOM: give mutations
 22620 | D:14     | Gained mutation: You have a pair of horns on your head.
                  | [Xom's grace]
 22620 | D:14     | Lost mutation: You have hidden genetic potential. [Xom's
                  | grace]
 22620 | D:14     | Gained mutation: You are somewhat resistant to further
                  | mutation. [Xom's grace]
 22734 | D:15     | Entered Level 15 of the Dungeon
 22762 | D:15     | XOM: god gift: book of the Dragon
 22853 | D:15     | Found an opulent altar of Gozag.
 22945 | D:15     | XOM: 4-stop teleportation journey
 22961 | D:15     | XOM: confusion (+ monsters)
 22983 | D:15     | Found a staircase to the Depths.
 23010 | D:15     | XOM: god gift: potion of invisibility
 23021 | D:15     | Learned a level 6 spell: Sculpt Simulacrum
 23054 | D:15     | XOM: confuse monster(s)
 23289 | D:15     | XOM: 1-stop teleportation journey
 23487 | D:15     | XOM: summons 9 hostile demons
 23987 | Lair:3   | XOM: polymorph naga warrior -> shapeshifter
 23996 | Lair:3   | Reached XP level 17. HP: 95/162 MP: 12/31
 24129 | Snake:1  | XOM: blink monster(s)
 24531 | Snake:1  | XOM: noise
 24546 | Snake:1  | Reached skill level 5 in Ice Magic
 24736 | Snake:1  | XOM: 1-stop teleportation journey
 24944 | Snake:1  | XOM: summons 3 hostile demons
 24963 | Snake:1  | XOM: god gift: staff of earth
 25033 | Snake:1  | XOM: confuse monster(s)
 25377 | Snake:2  | XOM: summons 3 friendly demons
 25384 | Snake:2  | XOM: confusion
 25439 | Snake:1  | XOM: scenery: create altars
 25531 | Snake:2  | XOM: summons 8 friendly demons
 25640 | Snake:2  | XOM: cleaving
 25643 | Snake:2  | XOM: cleaving
 25760 | Snake:2  | XOM: summons 1 hostile demon
 25812 | Snake:2  | XOM: cast spell 'Olgreb's Toxic Radiance'
 25830 | Snake:2  | XOM: 2-stop teleportation journey
 25908 | Snake:2  | XOM: 2-stop teleportation journey
 25914 | Snake:2  | XOM: enchant monster (bad)
 25920 | Snake:2  | XOM: 2-stop teleportation journey
 26147 | Snake:2  | XOM: silly message
 26265 | Snake:2  | XOM: 1-stop teleportation journey
 26273 | Snake:2  | XOM: chaos cloud
 26376 | Snake:2  | XOM: smoke on damage
 26523 | Snake:2  | XOM: silly message
 27173 | Snake:3  | XOM: confusion (+ monsters)
 27319 | Snake:3  | XOM: cast spell 'Olgreb's Toxic Radiance'
 27634 | Snake:3  | XOM: silly message
 27928 | Snake:3  | XOM: noise
 28079 | Snake:3  | XOM: enchant monster (bad)
 28423 | Snake:3  | XOM: enchant monster (bad)
 28488 | Snake:3  | XOM: scenery: summon butterflies
 28694 | Snake:4  | Entered Level 4 of the Snake Pit
 28710 | Snake:4  | XOM: give mutations
 28710 | Snake:4  | Gained mutation: You have an increased reservoir of magic.
                  | (+10% MP) [Xom's grace]
 28710 | Snake:4  | Gained mutation: You are somewhat resistant to both further
                  | mutation and mutation removal. [Xom's grace]
 28710 | Snake:4  | Gained mutation: You passively map a small area around you.
                  | [Xom's grace]
 28710 | Snake:4  | Gained mutation: You are almost entirely resistant to
                  | further mutation and mutation removal. [Xom's grace]
 28820 | Snake:4  | XOM: cast spell 'Leda's Liquefaction'
 28826 | Snake:4  | Noticed Louise
 28840 | Snake:4  | Killed Louise
 28923 | Snake:4  | Found Foric's Overcharged Wands.
 28927 | Snake:4  | Bought a wand of iceblast (18) for 648 gold pieces
 28927 | Snake:4  | Bought a wand of digging (11) for 693 gold pieces
 28947 | Snake:4  | XOM: potion effect (haste)
 28987 | Snake:4  | XOM: potion effect (magic)
 29076 | Snake:4  | XOM: 1-stop teleportation journey
 29119 | Snake:4  | XOM: smoke on damage
 29133 | Snake:4  | XOM: destruction
 29139 | Snake:4  | XOM: blink monster(s)
 29140 | Snake:4  | XOM: summons 2 friendly demons
 29143 | Snake:4  | Reached XP level 18. HP: 15/173 MP: 26/36
 29286 | Snake:4  | XOM: destruction
 29307 | Snake:4  | XOM: divination: detect items
 29527 | Snake:4  | XOM: enchant monster (good)
 29534 | Snake:4  | Reached skill level 1 in Shields
 29869 | Snake:4  | XOM: confuse monster(s)
 29872 | Snake:4  | XOM: confuse monster(s)
 29937 | Snake:4  | XOM: scenery: summon butterflies
 29987 | Snake:4  | XOM: cast spell 'Alistair's Intoxication'
 29988 | Snake:4  | XOM: enchant monster (bad)
 30214 | Snake:4  | Reached skill level 5 in Shields
 30395 | Snake:4  | XOM: enchant monster (good)
 30424 | Snake:4  | XOM: summons 4 friendly demons
 30429 | Snake:4  | XOM: enchant monster (good)
 30629 | Snake:4  | XOM: noise
 30662 | Snake:4  | XOM: noise
 30798 | Snake:4  | Got a serpentine rune of Zot
 31055 | Snake:4  | XOM: stat loss: -1 Dex (17/18)
 31061 | Snake:4  | XOM: noise
 31108 | Snake:4  | XOM: noise
 31340 | Snake:4  | XOM: chaos upgrade
 31360 | Snake:4  | Identified the +3 ring mail "Meug" {rPois Stlth+}
 31422 | Snake:4  | XOM: silly message
 31711 | Vaults:1 | Entered Level 1 of the Vaults
 32082 | Swamp:1  | Entered Level 1 of the Swamp
 32527 | Swamp:1  | Noticed Mlioglotl
 32540 | Swamp:1  | XOM: confusion (+ monsters)
 32544 | Swamp:1  | Killed Mlioglotl
 32657 | Swamp:1  | XOM: give mutations
 32657 | Swamp:1  | Gained mutation: Your muscles are very strong. (Str +8,
                  | Int/Dex -2) [Xom's grace]
 32657 | Swamp:1  | Lost mutation: You have hoof-like feet. [Xom's grace]
 32657 | Swamp:1  | Lost mutation: You have large cloven feet. [Xom's grace]
 32657 | Swamp:1  | Gained mutation: You have sharp toenails. [Xom's grace]
 32657 | Swamp:1  | Gained mutation: You have a pair of large horns on your
                  | head. [Xom's grace]
 32657 | Swamp:1  | Lost mutation: You have sharp toenails. [Xom's grace]
 32657 | Swamp:1  | Gained mutation: You have large cloven feet. [Xom's grace]
 32682 | Swamp:1  | Reached skill level 10 in Shields
 32717 | Swamp:1  | XOM: polymorph alligator -> water nymph
 32777 | Swamp:1  | XOM: god gift: scarf of repulsion
 32919 | Swamp:2  | XOM: 5-stop teleportation journey
 33008 | Swamp:2  | XOM: swap monsters
 33226 | Swamp:2  | XOM: cleaving
 33356 | Swamp:2  | XOM: 2-stop teleportation journey
 33446 | Swamp:2  | Found a sparkling altar of Nemelex Xobeh.
 33730 | Swamp:2  | Learned a level 6 spell: Plasma Beam
 33750 | Swamp:2  | XOM: scenery: summon butterflies
 33938 | Swamp:3  | Reached skill level 1 in Air Magic
 34027 | Swamp:3  | Noticed Jorgrun
 34039 | Swamp:3  | Killed Jorgrun
 34040 | Swamp:3  | Reached skill level 1 in Fire Magic
 34040 | Swamp:3  | Reached skill level 2 in Air Magic
 34198 | Swamp:3  | Reached skill level 3 in Air Magic
 34265 | Swamp:3  | XOM: 2-stop teleportation journey
 34360 | Swamp:3  | XOM: divination: detect items
 34499 | Swamp:3  | Reached XP level 19. HP: 182/182 MP: 37/37
 34541 | Swamp:3  | Learned a level 5 spell: Arcjolt
 34547 | Swamp:3  | Learned a level 4 spell: Vhi's Electric Charge
 34614 | Swamp:3  | XOM: god gift: scale mail {god gift}
 34621 | Swamp:3  | Acquired the +0 cloak "Vullepnua" {rF+ rCorr MP+9}
 34778 | Swamp:4  | Entered Level 4 of the Swamp
 34801 | Swamp:4  | Reached skill level 4 in Air Magic
 34941 | Swamp:4  | XOM: potion effect (heal wounds)
 34958 | Swamp:4  | XOM: noise
 35144 | Swamp:4  | Found a runed translucent door.
 35180 | Swamp:4  | Noticed Roxanne
 35210 | Swamp:4  | XOM: 9-stop teleportation journey
 35316 | Swamp:4  | Reached skill level 5 in Air Magic
 35333 | Swamp:4  | XOM: divination: detect creatures
 35610 | Swamp:4  | Reached skill level 1 in Translocations
 35664 | Swamp:4  | XOM: cast spell 'Olgreb's Toxic Radiance'
 35736 | Swamp:4  | Reached skill level 6 in Air Magic
 35858 | Swamp:4  | XOM: silly message
 35874 | Swamp:4  | Acquired 858 gold pieces
 35882 | Swamp:4  | XOM: silly message
 36024 | Swamp:4  | Noticed topfpfpflanze's ghost (adept FeCj)
 36025 | Swamp:4  | Identified the +3 trident of the Dowdy God {freeze, rElec}
 36228 | Swamp:4  | Got a decaying rune of Zot
 36641 | Vaults:1 | Noticed Nikola
 36658 | Vaults:1 | Killed Nikola
 36666 | Vaults:1 | XOM: divination: detect items
 36762 | Vaults:1 | XOM: enchant monster (good)
 36934 | Vaults:1 | Reached skill level 7 in Air Magic
 36941 | Vaults:1 | XOM: potion effect (invisibility)
 37077 | Vaults:1 | XOM: potion effect (curing)
 37135 | Vaults:1 | XOM: silly message
 37155 | Vaults:1 | Noticed Zenata
 37167 | Vaults:1 | XOM: divination: detect creatures
 37172 | Vaults:1 | Killed Zenata
 37338 | Vaults:1 | XOM: noise
 37385 | Vaults:1 | XOM: enchant monster (good)
 37446 | Vaults:1 | Reached skill level 8 in Air Magic
 37839 | Vaults:1 | Found Egoprum's Armour Shop.
 37959 | Vaults:1 | XOM: give mutation
 37959 | Vaults:1 | Gained mutation: Your tail ends in a sharp venomous barb.
                  | [Xom's grace]
 38166 | Vaults:2 | XOM: scenery: 4 doors open, 2 doors close
 38219 | Vaults:2 | XOM: scenery: 2 doors open, 4 doors close
 38288 | Vaults:2 | Reached skill level 5 in Fire Magic
 38298 | Vaults:2 | XOM: summons 7 friendly demons
 38316 | Vaults:2 | XOM: cleaving
 38327 | Vaults:2 | Reached skill level 9 in Air Magic
 38731 | Vaults:2 | Reached XP level 20. HP: 143/194 MP: 13/38
 38880 | Vaults:2 | Found a staircase to the Crypt.
 38952 | Vaults:2 | XOM: polymorph centaur warrior -> warg
 39030 | Vaults:2 | XOM: god gift: blackened gilded ring {god gift}
 39584 | Vaults:2 | XOM: give mutations
 39584 | Vaults:2 | Lost mutation: Potions are less effective at restoring your
                  | health. [Xom's mischief]
 39584 | Vaults:2 | Lost mutation: You expend magic power (3 MP) to strengthen
                  | your wands. [Xom's mischief]
 39593 | Vaults:2 | XOM: enchant monster (bad)
 39870 | Vaults:2 | Reached skill level 15 in Fighting
 39873 | Vaults:2 | Reached skill level 10 in Air Magic
 40240 | Vaults:3 | XOM: silly message
 40249 | Vaults:3 | XOM: enchant monster (bad)
 40628 | Vaults:3 | XOM: 3-stop teleportation journey
 40951 | Vaults:3 | Noticed Sojobo
 40963 | Vaults:3 | Killed Sojobo
 41187 | Vaults:3 | Reached skill level 11 in Air Magic
 41317 | Vaults:3 | Noticed Mennas
 41458 | Vaults:3 | XOM: chaos cloud
 41460 | Vaults:3 | XOM: summons 6 hostile demons
 41604 | Vaults:3 | XOM: stat loss: -1 Str (23/24)
 41904 | Vaults:4 | XOM: torment (96/196 hp)
 42530 | Vaults:4 | Identified the +0 cloak "Nonwariu" {rElec rPois SInv}
 42587 | Vaults:4 | Reached skill level 12 in Air Magic
 42660 | Vaults:4 | XOM: give mutations
 42660 | Vaults:4 | Lost mutation: You passively map a small area around you.
                  | [Xom's mischief]
 42660 | Vaults:4 | Lost mutation: Your tail ends in a sharp venomous barb.
                  | [Xom's mischief]
 42660 | Vaults:4 | Lost mutation: You are strong-willed. (Will+) [Xom's
                  | mischief]
 42660 | Vaults:4 | Lost mutation: Your muscles are very strong. (Str +8,
                  | Int/Dex -2) [Xom's mischief]
 42945 | Vaults:4 | XOM: noise
 42999 | Vaults:4 | XOM: summons 1 hostile shadow creature
 43129 | Vaults:4 | XOM: polymorph ironbound preserver -> eleionoma
 43306 | Vaults:4 | XOM: noise
 43418 | Vaults:4 | XOM: 6-stop teleportation journey
 43561 | Vaults:4 | Reached XP level 21. HP: 202/205 MP: 39/39
 43904 | Vaults:5 | Entered Level 5 of the Vaults
 43905 | Vaults:5 | XOM: confuse monster(s)
 43908 | Vaults:5 | Reached skill level 13 in Air Magic
 43918 | Vaults:4 | XOM: silly message
 44233 | Elf:1    | Entered Level 1 of the Elven Halls
 44396 | Elf:1    | XOM: enchant monster (bad)
 44465 | Elf:1    | Got the Spellbook of the Sun
 44487 | Elf:1    | Paralysed by an air elemental for 1 turns
 44614 | Elf:1    | XOM: silly message
 44805 | Elf:1    | XOM: 5-stop teleportation journey
 44933 | Elf:1    | XOM: fog
 45205 | Elf:1    | XOM: potion effect (magic)
 45231 | Elf:1    | Paralysed by an air elemental for 1 turns
 45239 | Elf:1    | Paralysed by an air elemental for 1 turns
 45349 | Elf:1    | Got the Almanac of the Twenty Moons
 45360 | Elf:1    | Got the Incunable of the Dragon
 45478 | Elf:2    | Paralysed by an air elemental for 1 turns
 45500 | Elf:2    | XOM: confuse monster(s)
 45522 | Elf:2    | Found a runed translucent gate.
 45522 | Elf:2    | Found a runed translucent gate.
 45522 | Elf:2    | Found a runed translucent gate.
 45558 | Elf:2    | Reached skill level 14 in Air Magic
 45559 | Elf:2    | XOM: noise
 45564 | Elf:2    | XOM: noise
 45568 | Elf:2    | XOM: cleaving
 45588 | Elf:2    | Reached skill level 15 in Conjurations
 45663 | Elf:2    | XOM: confusion (+ monsters)
 45783 | Elf:2    | XOM: smoke on damage
 45894 | Elf:2    | XOM: potion effect (haste)
 46179 | Elf:2    | XOM: god gift: wand of iceblast (4)
 46482 | Elf:3    | Entered Level 3 of the Elven Halls
 46499 | Elf:3    | Found a runed translucent door.
 46500 | Elf:3    | Noticed Zontaigg's ghost (adept GrBe)
 46525 | Elf:3    | Found Oreij's Book Shoppe.
 46550 | Elf:3    | Noticed Asterion
 46565 | Elf:3    | Killed Asterion
 46664 | Elf:3    | XOM: stat loss: -1 Dex (18/19)
 46869 | Elf:3    | Identified the +0 chain mail of the Wary Knaves {rPois
                  | Will+ rCorr SInv}
 46882 | Elf:3    | XOM: enchant monster (bad)
 46922 | Elf:3    | XOM: cleaving
 46926 | Elf:3    | Identified the serpent talisman "Perchuarpho" {rN+ Will+
                  | Str+3 Dex+3}
 46926 | Elf:3    | Noticed Aizul
 47243 | Elf:3    | Noticed Bai Suzhen
 47259 | Elf:3    | Killed Bai Suzhen
 47375 | Elf:3    | XOM: stat loss: -1 Int (21/22)
 47487 | Elf:3    | XOM: god gift: wand of iceblast (8)
 47590 | Elf:3    | XOM: enchant monster (good)
 47637 | Elf:3    | XOM: give mutations
 47637 | Elf:3    | Gained mutation: You possess an exceptional clarity of
                  | mind. [Xom's grace]
 47637 | Elf:3    | Gained mutation: Your spells are a little harder to cast,
                  | but a little more powerful. [Xom's grace]
 47701 | Elf:3    | Killed Aizul
 47710 | Elf:3    | XOM: confuse monster(s)
 47741 | Elf:3    | XOM: summons 9 friendly demons
 47888 | Elf:3    | Reached XP level 22. HP: 171/217 MP: 41/41
 47967 | Elf:3    | XOM: fog
 48042 | Elf:2    | XOM: god gift: plate armour {god gift}
 48112 | Elf:3    | Identified the +7 hand axe of Precise Incision {heavy,
                  | Will+}
 48112 | Elf:3    | Identified the ring of the Will of the Gods {AC+4 Str+3}
 48114 | Elf:3    | XOM: give mutations
 48114 | Elf:3    | Lost mutation: You have a pair of large horns on your head.
                  | [Xom's mischief]
 48114 | Elf:3    | Lost mutation: You have an increased reservoir of magic.
                  | (+10% MP) [Xom's mischief]
 48130 | Elf:3    | XOM: stat loss: -1 Int (21/22)
 48161 | Elf:3    | Identified the ring of Moderation {Fire Fly Str+5 Stlth+}
 48240 | Elf:3    | XOM: summons 12 hostile demons
 48383 | Elf:3    | Identified the ring "Qoyg" {rElec rC- rCorr Int+3}
 48403 | Elf:3    | XOM: noise
 48434 | Elf:3    | Identified the +0 pair of boots of the Hunter {rPois rF-
                  | MP+9 Dex+4}
 48435 | Elf:3    | Identified the +1 morningstar "Yjurooky" {freeze, ^Fragile
                  | rPois rC+}
 48436 | Elf:3    | Identified the staff "Ettuac" {rN+ Will++ Dex+3 Earth}
 48439 | Elf:3    | Identified the +0 leather armour of the Vestibule of Hell
                  | {rElec rF- Slay+3}
 48912 | Slime:1  | Entered Level 1 of the Pits of Slime
 48996 | Slime:2  | XOM: polymorph azure jelly -> ice dragon
 48997 | Slime:2  | XOM: 1-stop teleportation journey
 49001 | Slime:2  | Reached skill level 15 in Air Magic
 49009 | Slime:2  | XOM: cleaving
 49146 | Slime:2  | XOM: god gift: 3 scrolls of teleportation
 49166 | Slime:4  | XOM: polymorph acid blob -> fenstrider witch
 49466 | Slime:5  | Entered Level 5 of the Pits of Slime
 49516 | Slime:5  | XOM: fog
 49632 | Slime:5  | XOM: enchant monster (bad)
 49709 | Slime:5  | XOM: silly message
 49744 | Slime:5  | XOM: 1-stop teleportation journey
 49759 | Slime:5  | XOM: cast spell 'Monstrous Menagerie'
 49798 | Slime:5  | XOM: 8-stop teleportation journey
 49877 | Slime:5  | Noticed the Royal Jelly
 49893 | Slime:5  | Killed the Royal Jelly
 49907 | Slime:5  | Found the +1 cloak of Starlight {*Dazzle EV+4 Stlth--}
 49915 | Slime:5  | Identified the +4 orcbow of Turerote {elec, +Blink}
 49923 | Slime:5  | Identified the ring of the Soothsayer {rC+ EV+5 SInv}
 49935 | Slime:5  | Identified the +0 great mace "Kygigar" {heavy, *Corrode Fly
                  | rPois Will+}
 49952 | Slime:5  | Acquired a book of the Spheres
 49955 | Slime:5  | Got a slimy rune of Zot
 49969 | Slime:5  | Identified the orb of Surprise {mayhem, Will+}
 50072 | Slime:3  | XOM: noise
 50111 | Lair:4   | Killed GordonOverkill's ghost
 50844 | Vaults:3 | XOM: cast spell 'Summon Small Mammal'
 50877 | Vaults:3 | Killed Mennas
 50878 | Vaults:3 | Reached skill level 10 in Fire Magic
 51133 | Vaults:5 | XOM: divination: detect creatures
 51134 | Vaults:5 | XOM: silly message
 51479 | Vaults:5 | XOM: silly message
 51555 | Vaults:5 | Learned a level 7 spell: Orb of Destruction
 51662 | Vaults:5 | XOM: divination: detect creatures
 51668 | Vaults:5 | XOM: confuse monster(s)
 51676 | Vaults:5 | Identified the ring "Vitor" {rPois Will++ rCorr Str-5 SInv}
 51677 | Vaults:5 | XOM: noise
 51803 | Vaults:5 | Reached skill level 10 in Evocations
 51980 | Vaults:5 | XOM: confuse monster(s)
 52020 | Vaults:5 | XOM: potion effect (berserk rage)
 52031 | Vaults:5 | Got a silver rune of Zot
 52127 | Vaults:5 | XOM: enchant monster (good)
 52205 | Vaults:5 | Reached XP level 23. HP: 218/226 MP: 18/39
 52294 | Vaults:5 | Identified the ring "Raggoesh" {rCorr Str-5 Dex+6 Stlth+}
 52432 | Vaults:5 | Reached skill level 16 in Air Magic
 52746 | Vaults:5 | XOM: swap monsters
 52955 | Vaults:5 | XOM: summons friendly ufetubus
 52958 | Vaults:5 | XOM: fog
 53058 | Vaults:5 | Identified the +4 rapier "Metunn" {freeze, Fly Int+2}
 53506 | Vaults:5 | XOM: summons 4 hostile shadow creatures
 53638 | Vaults:5 | XOM: silly message
 53778 | Vaults:5 | XOM: noise
 54304 | Vaults:5 | XOM: noise
 54748 | Vaults:2 | XOM: silly message
 54877 | D:15     | XOM: god gift: 2 potions of mutation
 55096 | D:12     | XOM: god gift: 716 gold pieces
 55227 | D:4      | Killed Grinder
 55286 | D:4      | Killed Ijyb
 55393 | D:4      | Found an ornate altar of the Wu Jian Council.
 55402 | D:4      | Found a broken altar of Ashenzari.
 55421 | D:4      | Found Dutemo's Book Emporium.
 55424 | D:4      | Bought Maxwell's Memoranda for 520 gold pieces
 55444 | D:4      | Killed Sigmund
 55580 | D:4      | Found Hexow's Weapon Emporium.
 55662 | D:4      | XOM: divination: detect creatures
 55854 | D:7      | Killed Menkaure
 55873 | D:7      | Killed iamserjio's ghost
 55921 | D:7      | Found a one-way gate to the infinite horrors of the Abyss.
 56650 | D:11     | XOM: divination: detect creatures
 56673 | D:11     | XOM: divination: magic mapping
 56771 | Depths:1 | Entered Level 1 of the Depths
 56789 | Depths:1 | Noticed Boris
 56797 | Depths:1 | XOM: divination: detect creatures
 57306 | D:6      | XOM: divination: detect items
 57485 | Depths:1 | XOM: noise
 57502 | Depths:1 | Upgraded the game from 0.31-a0-1616-gbeaec30b81 to
                  | 0.31-a0-1620-gcbf77bbcfc
 57644 | Depths:1 | Noticed Mara
 57649 | Depths:1 | XOM: smoke on damage
 57794 | Depths:1 | Killed Mara
 58024 | D:15     | XOM: stat loss: -1 Int (15/16)
 58225 | D:15     | Killed Boris
 58306 | Depths:1 | XOM: stat loss: -1 Int (14/16)
 58310 | Depths:1 | XOM: enchant monster (good)
 58521 | Depths:1 | XOM: 2-stop teleportation journey
 58629 | Depths:1 | Found a stormy altar of Qazlal.
 58772 | Depths:1 | Found a gateway to Hell.
 59076 | Depths:1 | Found Telurchot's Book Emporium.
 59076 | Depths:1 | Found Jenipnis's Jewellery Shop.
 59078 | Depths:1 | Found Lozxyam's Jewellery Shop.
 59083 | Depths:1 | Reached skill level 1 in Shapeshifting
 59199 | Depths:1 | XOM: silly message
 59202 | Depths:1 | Bought the amulet "Yboficat" {Reflect rPois rCorr SH+5} for
                  | 655 gold pieces
 59422 | Depths:2 | Found a white marble altar of Elyvilon.
 59435 | Depths:2 | XOM: enchant monster (bad)
 59577 | Depths:2 | XOM: summons friendly crimson imp
 59597 | Depths:2 | XOM: potion effect (invisibility)
 60056 | Depths:2 | XOM: blink monster(s)
 60062 | Depths:2 | XOM: blink monster(s)
 60064 | Depths:2 | XOM: noise
 60167 | Depths:2 | Found a one-way gate leading to the halls of Pandemonium.
 60284 | Depths:2 | XOM: enchant monster (good)
 60449 | Depths:2 | Reached skill level 5 in Shapeshifting
 60464 | Depths:2 | Identified the +0 dire flail of Sulphur {vamp, rElec Str-3
                  | Dex+5 Stlth+}
 60787 | Depths:2 | Identified the ring "Gyesm" {Fly rC+ MP+9}
 60963 | Depths:3 | Noticed a juggernaut
 60966 | Depths:3 | Noticed Sias's ghost (adept TeSh)
 61043 | Depths:3 | Reached XP level 24. HP: 221/237 MP: 35/40
 61064 | Depths:3 | XOM: enchant monster (bad)
 61170 | Depths:3 | XOM: summons 4 hostile demons
 61186 | Depths:3 | XOM: enchant monster (good)
 61212 | Depths:3 | XOM: cast spell 'Leda's Liquefaction'
 61224 | Depths:3 | XOM: god gift: wand of charming (4)
 61309 | Depths:3 | Found a transporter.
 61309 | Depths:3 | XOM: 8-stop teleportation journey
 61310 | Depths:3 | You are sucked into a shaft and drop 1 floor!
 61310 | Depths:4 | Entered Level 4 of the Depths
 61313 | Depths:4 | Found a one-way gateway to a ziggurat.
 61349 | Depths:4 | Reached skill level 15 in Shields
 61375 | Depths:4 | Found a flickering gateway to a bazaar.
 61384 | Bazaar   | Entered a bazaar
 61600 | Bazaar   | Found Semaotucic's Distillery.
 61605 | Bazaar   | Bought a potion of heal wounds for 80 gold pieces
 61605 | Bazaar   | Bought a potion of curing for 48 gold pieces
 61605 | Bazaar   | Bought 2 potions of curing for 96 gold pieces
 61605 | Bazaar   | Bought a potion of resistance for 160 gold pieces
 61605 | Bazaar   | Bought a potion of mutation for 128 gold pieces
 61605 | Bazaar   | Bought 2 potions of curing for 96 gold pieces
 61683 | Bazaar   | Found Utucotyl's Weapon Emporium.
 61690 | Bazaar   | Found Miyrufiu's General Store.
 61694 | Bazaar   | Bought a scroll of teleportation for 60 gold pieces
 61765 | Bazaar   | Identified the amulet "Nukhluji" {Reflect Will+ SH+5
                  | Stlth+} (Xom gifted it to you in a bazaar)
 61765 | Bazaar   | XOM: god gift: amulet "Nukhluji" {Reflect Will+ SH+5
                  | Stlth+}
 61809 | Bazaar   | Bought a potion of brilliance for 64 gold pieces
 61934 | Depths:4 | XOM: divination: detect items
 62031 | Depths:4 | XOM: scenery: summon butterflies
 62233 | Depths:4 | XOM: scenery: create altars
 62301 | Depths:4 | XOM: give mutations
 62301 | Depths:4 | Lost mutation: You have large cloven feet. [Xom's grace]
 62301 | Depths:4 | Gained mutation: You have sharp toenails. [Xom's grace]
 62301 | Depths:4 | Gained mutation: You are strong-willed. (Will+) [Xom's
                  | grace]
 62301 | Depths:4 | Gained mutation: Your muscles are very strong. (Str +8,
                  | Int/Dex -2) [Xom's grace]
 62301 | Depths:4 | Gained mutation: You are highly strong-willed. (Will++)
                  | [Xom's grace]
 62388 | Depths:4 | Reached skill level 15 in Dodging
 62597 | Depths:4 | XOM: summons 5 friendly demons
 62604 | Depths:4 | XOM: cleaving
 62764 | Depths:4 | XOM: scenery: 1 doors open, 1 doors close
 62923 | Depths:4 | XOM: god gift: 3 boomerangs
 63251 | Depths:4 | XOM: scenery: create altars
 63420 | Depths:3 | XOM: 1-stop teleportation journey
 63431 | Depths:3 | Found a transporter.
 63546 | Depths:3 | XOM: divine lightning
 63710 | Depths:3 | XOM: enchant monster (good)
 63711 | Depths:3 | XOM: summons 12 friendly demons
 63993 | Depths:3 | XOM: scenery: create altars
 64045 | Depths:3 | XOM: cloud trail
 64055 | Depths:3 | XOM: 2-stop teleportation journey
 64174 | Depths:3 | XOM: scenery: 1 doors open, 2 doors close
 64236 | Depths:3 | XOM: give mutations
 64236 | Depths:3 | Lost mutation: You have sharp toenails. [Xom's mischief]
 64236 | Depths:3 | Lost mutation: You possess an exceptional clarity of mind.
                  | [Xom's mischief]
 64632 | Depths:3 | XOM: stat loss: -1 Str (23/24)
 64653 | Depths:3 | XOM: summons 3 hostile shadow creatures
 64790 | Depths:3 | XOM: 4-stop teleportation journey
 65145 | Depths:3 | XOM: summons 4 hostile shadow creatures
 65354 | Depths:3 | XOM: swap monsters
 65680 | Depths:4 | XOM: silly message
 65809 | Depths:4 | Acquired 907 gold pieces
 65894 | Depths:4 | Found a gate to the Realm of Zot.
 65913 | Zot:1    | Entered Level 1 of the Realm of Zot
 65947 | Zot:1    | Noticed Grunn
 65951 | Zot:1    | Reached skill level 10 in Shapeshifting
 65961 | Zot:1    | Killed Grunn
 66127 | Zot:1    | XOM: chaos cloud
 66133 | Zot:1    | Paralysed by you for 1 turns
 66190 | Zot:1    | XOM: give mutations
 66190 | Zot:1    | Lost mutation: Your muscles are very strong. (Str +8,
                  | Int/Dex -2) [Xom's mischief]
 66190 | Zot:1    | Lost mutation: Your tail ends in a venomous barb. [Xom's
                  | mischief]
 66190 | Zot:1    | Lost mutation: Your spells are a little harder to cast, but
                  | a little more powerful. [Xom's mischief]
 66301 | Zot:1    | XOM: give mutations
 66301 | Zot:1    | Lost mutation: You are very agile. (Dex +8, Str/Int -2)
                  | [Xom's mischief]
 66301 | Zot:1    | Lost mutation: You are robust. (+10% HP) [Xom's mischief]
 66413 | Zot:1    | XOM: silly message
 66424 | Zot:1    | Found the +4 dragonskin cloak
 66424 | Zot:1    | Noticed Tiamat
 66433 | Zot:1    | XOM: give mutation
 66433 | Zot:1    | Lost mutation: Your natural rate of healing is unusually
                  | fast. [Xom's mischief]
 66439 | Zot:1    | XOM: chaos cloud
 66558 | Depths:4 | XOM: stat loss: -1 Dex (15/16)
 66695 | Zot:1    | XOM: smoke on damage
 66850 | Zot:1    | XOM: noise
 66865 | Zot:1    | XOM: confusion
 66869 | Zot:1    | XOM: blink monster(s)
 66879 | Zot:1    | Tiamat changed into Tiamat the shard shrike
 66879 | Zot:1    | Noticed Tiamat
 67030 | Zot:1    | You are sucked into a shaft and drop 1 floor!
 67033 | Zot:2    | XOM: summons 7 hostile demons
 67065 | Zot:2    | XOM: summons 8 hostile demons
 67163 | Zot:2    | Learned a level 8 spell: Maxwell's Capacitive Coupling
 67345 | Zot:2    | XOM: chaos upgrade
 67364 | Zot:2    | XOM: blink monster(s)
 67366 | Zot:2    | XOM: potion effect (invisibility)
 67383 | Zot:2    | XOM: fog
 67387 | Zot:2    | Reached XP level 25. HP: 208/224 MP: 20/40
 67419 | Zot:2    | Reached skill level 17 in Air Magic
 67593 | Zot:2    | XOM: summons friendly quasit
 67620 | Zot:2    | XOM: cleaving
 67900 | Depths:4 | XOM: give mutations
 67900 | Depths:4 | Lost mutation: You are almost entirely resistant to further
                  | mutation and mutation removal. [Xom's grace]
 67900 | Depths:4 | Lost mutation: You are somewhat resistant to both further
                  | mutation and mutation removal. [Xom's grace]
 67900 | Depths:4 | Lost mutation: You are somewhat resistant to further
                  | mutation. [Xom's grace]
 67900 | Depths:4 | Gained mutation: You have hidden genetic potential. [Xom's
                  | grace]
 67900 | Depths:4 | Gained mutation: You are extremely strong-willed. (Will+++)
                  | [Xom's grace]
 67900 | Depths:4 | Gained mutation: You expend magic power (3 MP) to
                  | strengthen your wands. [Xom's grace]
 67900 | Depths:4 | Gained mutation: Your muscles are very strong. (Str +8,
                  | Int/Dex -2) [Xom's grace]
 67943 | Zot:1    | XOM: confuse monster(s)
 68106 | Zot:1    | Reached skill level 18 in Air Magic
 68367 | Zot:1    | Found a runed translucent gate.
 68381 | Zot:1    | XOM: silly message
 68678 | Zot:1    | Found a glowing silver altar of Zin.
 68678 | Zot:1    | Found a glowing golden altar of the Shining One.
 68794 | Zot:1    | Found a white marble altar of Elyvilon.
 68922 | Zot:1    | Found a runed translucent gate.
 68922 | Zot:1    | Found a runed translucent gate.
 68922 | Zot:1    | Noticed Hakotaro's ghost (master OpCj)
 68926 | Zot:1    | Noticed chuckiee3's ghost (adept MiFi)
 68926 | Zot:1    | Noticed Hakotaro's ghost (master OpCj)
 68926 | Zot:1    | Noticed Leown's ghost (legendary KoDe)
 69155 | Zot:1    | XOM: give mutations
 69155 | Zot:1    | Lost mutation: Your muscles are very strong. (Str +8,
                  | Int/Dex -2) [Xom's mischief]
 69155 | Zot:1    | Lost mutation: Your muscles are strong. (Str +4, Int/Dex
                  | -1) [Xom's mischief]
 69155 | Zot:1    | Lost mutation: Your system is resistant to poisons. (rPois)
                  | [Xom's mischief]
 69183 | Zot:1    | Killed Tiamat the shard shrike
 69298 | Zot:1    | XOM: noise
 69556 | Zot:2    | XOM: noise
 69569 | Zot:2    | XOM: 5-stop teleportation journey
 69677 | Zot:2    | XOM: give mutations
 69677 | Zot:2    | Gained mutation: You have a pair of large horns on your
                  | head. [Xom's mischief]
 69677 | Zot:2    | Lost mutation: You expend magic power (3 MP) to strengthen
                  | your wands. [Xom's mischief]
 69677 | Zot:2    | Lost mutation: You are extremely strong-willed. (Will+++)
                  | [Xom's mischief]
 69677 | Zot:2    | Lost mutation: You are agile. (Dex +4, Str/Int -1) [Xom's
                  | mischief]
 69762 | Zot:2    | XOM: blink monster(s)
 69768 | Zot:2    | Reached skill level 19 in Air Magic
 69790 | Zot:2    | Killed from afar by a red draconian scorcher

Illustrated notes

Levels and vault maps discovered:
D:1:      saegor_arrival_miasma, layout_loops_ring, serial_glass,
          glass_columns_a, glass_columns_a, nicolae_grassy_gnolls
D:2:      layout_basic, basic_altar
D:3:      layout_basic, ebering_ecumenical_altar_box, uniq_natasha
D:4:      layout_basic, cheibriados_altar_1, mainiacjoe_overflow_swirl,
          serial_shops, shop, kennysheep_mini_moat, serial_aquarium,
          aquarium_bridge_square [aquarium_subvault_window,
          aquarium_subvault_bridge, aquarium_subvault_bridge,
          aquarium_subvault_wall], aquarium_window_corner,
          aquarium_window_corner, aquarium_window_fake, aquarium_window_fake,
          aquarium_view_2d, aquarium_view_2d, aquarium_pool_side, uniq_sigmund,
          uniq_grinder, uniq_ijyb
D:5:      layout_rooms, amcnicky_altar_gilded,
          mainiacjoe_overflow_concentric_impassable,
          minmay_temple_entry_butterflies, supply_closet_lemuel,
          dk_noncrumbling_2, minmay_checkerbox
D:6:      layout_basic, tso_metal_star, yredelemnul_altar_generic,
          gup_sewer_entry_pipe
D:7:      layout_basic, gammafunk_ghost_abyssal_escape, uniq_menkaure
D:8:      kennysheep_blocky_room, layout_basic,
          lemuel_mausoleum_altar_kikubaaqudgha,
          mainiacjoe_overflow_catch_the_wave, serial_shops,
          nicolae_shop_hallway_plus, nicolae_diode_intersection
D:9:      layout_cave_pods, trog_ov_bears_minmay, minivault_20,
          kennysheep_cross_room
D:10:     layout_loops_ring, general_overflow_altar, orc_0_dummy, serial_shops,
          nicolae_take_the_stairs
D:11:     layout_roguey, erik_lair_dragon, uniq_amaemon
D:12:     minmay_tri_stars, layout_basic, minmay_bent, uniq_nessos
D:13:     layout_roguey, david_vaults_2
D:14:     minmay_dotted_concentric_squares, layout_cave_pools,
          lemuel_coloured_pillars_altar
D:15:     gammafunk_depths_entry_grave, layout_loops_cross,
          grunt_gozag_breadcrumbs
Temple:   compressed_dpeg_circular_temple
Lair:1:   layout_regular_city, nicolae_lair_lil_pond,
          chequers_serial_rivers_micro_c, chequers_serial_rivers_marsh,
          grunt_megastairs_4
Lair:2:   layout_loops_ring, mainiacjoe_swamp_entry_lozenge_pond, minivault_25,
          lemuel_oklob_altar, uniq_maggie
Lair:3:   layout_loops_ring, dummy_snake_entry, hangedman_lair_unloving_vines
Lair:4:   layout_cave_pods, minmay_slime_entry_eyes, basic_altar,
          gammafunk_ghost_necromancy
Lair:5:   due_jungle_book, layout_misc_corridors, basic_altar,
          nicolae_volcano_entry_hallway, grunt_megastairs_1,
          serial_bayou_shore_b
Swamp:1:  layout_falls_marsh, nicolae_swamp_feature_on_the_river_bank,
          uniq_mlioglotl
Swamp:2:  layout_basic_swamp, nicolae_swamp_godswood, nicolae_swamp_spooky_pond
Swamp:3:  layout_falls_marsh, hangedman_swamp_pad, infiniplex_staircase_pool,
          uniq_jorgrun
Swamp:4:  swamp_vile, layout_basic_swamp, ebering_ghost_funeral_grove,
          swamp_pool_5, uniq_roxanne
Snake:1:  layout_onion_interference, grunt_ministairs_8
Snake:2:  layout_grid_maze
Snake:3:  layout_chambers, nicolae_integral_box
Snake:4:  grunt_snake_rune_spirals, layout_onion,
          nicolae_shop_overcharged_wands, uniq_louise
Slime:1:  layout_caves
Slime:2:  layout_caves, cheibrodos_slime_lost_civilization_7
Slime:3:  layout_caves
Slime:4:  layout_caves, cheibrodos_slime_lost_civilization_4
Slime:5:  slime_pit
Orc:1:    layout_diamond_mine
Orc:2:    st_orc_ogre_mass, layout_diamond_mine, serial_shops, shop, uniq_donald
Elf:1:    minmay_elf_arrival_circle, layout_geoelf_diagonals,
          hangedman_elf_disciples, nicolae_elf_elemental_lessons
Elf:2:    nicolae_elf_blades_crystal_corner, layout_rooms, drop_trap
Elf:3:    elf_hall, layout_loops_cross, serial_shops, shop,
          gammafunk_ghost_grave, hex_large, grunt_ministairs_3, uniq_aizul,
          uniq_bai_suzhen, uniq_asterion
Vaults:1: nicolae_vaults_frosty_reception, nicolae_vaults_back_hallway,
          nicolae_vaults_asterisk, ontoclasm_vaults_ring_large,
          ontoclasm_vaults_loading_screen, nicolae_vaults_more_shelving_2,
          nicolae_vaults_what_the_h, ontoclasm_vaults_gateway,
          hangedman_vaults_variations, nicolae_vaults_trapezoid_4, v_misc_18,
          st_cells, layout_vaults_omnibox, serial_shops, shop, uniq_nikola,
          uniq_zenata
Vaults:2: v_misc_19, v_misc_15, v_alt_pattern_1,
          nicolae_vaults_storage_room_doors, nicolae_vaults_network_quinsquares
          [nicolae_vaults_network_quincunx_subvault,
          nicolae_vaults_network_quincunx_subvault,
          nicolae_vaults_network_quincunx_subvault,
          nicolae_vaults_network_quincunx_subvault], nicolae_vaults_big_ls,
          minmay_crypt_entry_simple_walls, nicolae_vaults_octothorpe,
          nicolae_vaults_statue_guard, nicolae_vaults_turnstiles,
          vaults_dpeg_diagonal, layout_vaults_quadrants
Vaults:3: vaults_room_door_hall, nicolae_vaults_mitosis,
          nicolae_vaults_wrenched, nicolae_vaults_network_periphery,
          hangedman_vaults_slice, nicolae_vaults_diamond_1,
          nicolae_vaults_little_squares_5, hangedman_vaults_stagger,
          vaults_mumra_chevron, st_lattice, nicolae_vaults_diamond_1,
          vaults_dpeg_ring, layout_vaults_chaotic_city, uniq_sojobo, uniq_mennas
Vaults:4: vaults_room_door_hall, hangedman_vaults_trim, ontoclasm_vaults_tryst,
          nicolae_vaults_hallways_thing, nicolae_vaults_puzzle_piece, v_rooms_6,
          hangedman_vaults_river_flow, ontoclasm_vaults_twist,
          vaults_room_guarded_vault, nicolae_vaults_layer_cake_slice, v_misc_28,
          ontoclasm_vaults_shuriken, layout_vaults_ring
Vaults:5: serial_shops
Depths:1: layout_cave_pools, grunt_metal_band, hangedman_decor_slide_cut,
          nicolae_qazlal_eye_of_the_storm, serial_bayou_shore_b,
          serial_bayou_shore_b, minmay_shop_grove, uniq_mara, uniq_boris
Depths:2: regret_index_reflect_refract, layout_basic, rand_demon_pan_entry_7,
          elyvilon_altar_5, hell_entry, infiniplex_staircase_pool_2
Depths:3: hangedman_stitches_corridor, layout_gridlike, gammafunk_ghost_arena,
          pf_hell_entry_tar_spiral, nicolae_figureground_pulse,
          rand_demon_pan_entry_1, nicolae_abyss_entry_one_way_or_another
Depths:4: grunt_zot_entry_gee_three, layout_cave_shapes, enter_ziggurat_d,
          pf_vacation_house_of_asmodeus, chequers_hall_statues_corner_a,
          serial_shops, bzr_firewalk
Zot:1:    nicolae_zot_stationary_front, layout_misc_corridors,
          regret_index_zotdec_alabaster_prism, gammafunk_ghost_cemetery,
          uniq_tiamat, uniq_grunn
Zot:2:    layout_gridlike, ebering_ghost_rock_garden, grunt_megastairs_2

Skill      XL: |  1  2  3  4  5  6  7  8  9 10 11 12 13 14 15 16 17 18 19 20 21 22 23 24 25 |
---------------+----------------------------------------------------------------------------+-----
Dodging        | 2 3 4 5 6 7 8 9 11 12 13 14 15 | 15.2
Fighting       | 3 4 5 6 7 8 9 10 11 12 13 14 15 16 17 18 | 18.1
Staves         | 1 2 3 4 5 6 7 8 9 10 11 12 | 12.7
Spellcasting   | 3 4 5 6 7 8 9 10 11 12 13 | 13.4
Conjurations   | 4 5 6 7 8 9 10 11 12 13 14 15 16 17 | 17.2
Alchemy        | 2 3 5 6 8 9 11 12 13 | 13.2
Evocations     | 2 4 5 7 8 9 10 11 | 11.3
Ice Magic      | 4 8 |  8.3
Shields        | 10 11 13 14 15 | 15.5
Air Magic      | 3 9 12 14 15 16 19 | 19.0
Fire Magic     | 1 5 7 9 10 11 | 11.2
Translocations | 4 |  4.8
Shapeshifting  | 5 11 | 11.8
Long Blades    | |  3.3

Action                     |  1- 3 |  4- 6 |  7- 9 | 10-12 | 13-15 | 16-18 | 19-21 | 22-24 | 25-27 || total
---------------------------+-------+-------+-------+-------+-------+-------+-------+-------+-------++-------
  Melee: Falchion          |    83 |       |       |       |       |       |       |       |       ||    83
         Tailslap          |    17 |     6 |    27 |    75 |   104 |   224 |   239 |   427 |    64 ||  1183
         Quarterstaff      |    38 |   102 |   245 |   496 |   516 |   801 |       |       |       ||  2198
         Kick              |       |       |       |   104 |   197 |   470 |   533 |   729 |       ||  2033
         Headbutt          |       |       |       |    73 |   158 |   287 |   353 |   572 |    88 ||  1531
         Staff             |       |       |       |       |       |   233 |  1047 |  1563 |   225 ||  3068
         Maw               |       |       |       |       |       |       |       |    96 |    89 ||   185
   Cast: Sting             |       |     1 |    20 |     4 |     5 |     5 |       |       |       ||    35
         Mercury Vapours   |       |     1 |    10 |    11 |    16 |     5 |       |       |       ||    43
         Olgreb's Toxic Ra |       |       |     6 |    65 |   139 |    54 |     8 |     6 |     3 ||   281
         Eringya's Noxious |       |       |       |       |    47 |    72 |    16 |     1 |       ||   136
         Alistair's Intoxi |       |       |       |       |       |    18 |     2 |       |       ||    20
         Hailstorm         |       |       |       |       |       |    17 |       |       |       ||    17
         Sculpt Simulacrum |       |       |       |       |       |   140 |     6 |     4 |       ||   150
         Arcjolt           |       |       |       |       |       |       |   277 |   358 |    28 ||   663
         Plasma Beam       |       |       |       |       |       |       |     7 |    82 |    31 ||   120
         Orb of Destructio |       |       |       |       |       |       |       |    30 |     8 ||    38
         Vhi's Electric Ch |       |       |       |       |       |       |       |       |     1 ||     1
Ability: Breathe Lightning |       |       |     2 |     4 |     2 |     1 |       |     1 |       ||    10
  Evoke: Wand              |       |       |       |     6 |    25 |     9 |    11 |    24 |     6 ||    81
         Phantom mirror    |       |       |       |       |       |       |     3 |     2 |       ||     5
         Sack of spiders   |       |       |       |       |       |       |       |     1 |     1 ||     2
         Phial of floods   |       |       |       |       |       |       |       |     1 |       ||     1
    Use: Scroll            |       |    10 |     6 |    12 |    13 |     8 |    19 |    17 |     4 ||    89
         Potion            |       |     2 |     1 |       |     5 |    22 |    10 |    10 |     7 ||    57
   Stab: Sleeping          |     1 |       |     2 |     2 |       |     3 |     2 |     1 |       ||    11
         Paralysed         |       |       |     3 |       |       |       |       |     5 |       ||     8
         Invisible         |       |       |       |       |     2 |       |     3 |    31 |    11 ||    47
         Confused          |       |       |       |       |       |     8 |       |     3 |     3 ||    14
         Distracted        |       |       |       |       |       |     5 |     1 |     2 |     1 ||     9
         Petrified         |       |       |       |       |       |     6 |     1 |     7 |       ||    14
         Petrifying        |       |       |       |       |       |     1 |     1 |       |       ||     2
         Betrayed ally     |       |       |       |       |       |     1 |       |       |       ||     1
         Held in net/web   |       |       |       |       |       |       |       |     1 |       ||     1
 Armour: Skin              |    56 |    66 |   139 |   320 |   437 |   824 |   596 |   584 |   151 ||  3173
  Dodge: Dodged            |    70 |    69 |   186 |   397 |   400 |   885 |   425 |   824 |   148 ||  3404
         Repelled          |       |       |       |       |       |     3 |       |       |       ||     3
  Block: Kite shield       |       |       |       |       |       |   134 |   781 |  1636 |   234 ||  2785
         Tower shield      |       |       |       |       |       |     7 |       |       |       ||     7
         Reflection        |       |       |       |       |       |       |    61 |    41 |     4 ||   106
   Form: Maw               |       |       |       |       |       |       |       |     1 |       ||     1

Table legend: (Time is in decaauts)
 A = Elapsed time spent in this place.
 B = Non-inter-level travel time spent in this place.
 C = Inter-level travel time spent in this place.
 D = Time resting spent in this place.
 E = Time spent auto-exploring this place.
 F = Levels seen in this place.
 G = Mean time per level.
                   A        B        C        D        E       F      G
               +--------+--------+--------+--------+--------+-----+--------+
         Total |  68490 |  62583 |   5907 |   9983 |  38584 |  53 | 1292.3 |
       Dungeon |  18145 |  15200 |   2945 |   1799 |  10030 |  15 | 1209.7 |
        Temple |      1 |      1 |      0 |      0 |      0 |   1 |    1.0 |
          Lair |   8113 |   6799 |   1314 |   1088 |   4314 |   5 | 1622.6 |
         Swamp |   4149 |   3981 |    168 |    826 |   2230 |   4 | 1037.2 |
     Snake Pit |   7299 |   6976 |    323 |   1309 |   3529 |   4 | 1824.8 |
    Slime Pits |   1117 |   1117 |      0 |    425 |    180 |   5 |  223.4 |
  Orcish Mines |   1613 |   1395 |    218 |     52 |    934 |   2 |  806.5 |
   Elven Halls |   4211 |   4142 |     69 |    742 |   2328 |   3 | 1403.7 |
        Vaults |  11827 |  11257 |    570 |   1830 |   7597 |   5 | 2365.4 |
        Depths |   7515 |   7232 |    283 |    830 |   5166 |   4 | 1878.8 |
           Zot |   3255 |   3242 |     13 |    890 |   1601 |   2 | 1627.5 |
        Bazaar |    452 |    452 |      0 |      0 |    328 |   1 |  452.0 |
         Sewer |    199 |    199 |      0 |     61 |     66 |   1 |  199.0 |
       Volcano |    589 |    589 |      0 |    129 |    281 |   1 |  589.0 |
               +--------+--------+--------+--------+--------+-----+--------+

Top non-repeatable levels by time:
Vaults:5: 3399 daAuts
Depths:3: 2594 daAuts
  Lair:5: 2463 daAuts
   Zot:1: 2429 daAuts
Vaults:2: 2398 daAuts
 Snake:4: 2342 daAuts
Vaults:4: 2263 daAuts
Depths:4: 2235 daAuts
    D:11: 2218 daAuts
    D:15: 2132 daAuts
Vaults:3: 2007 daAuts
 Snake:3: 1881 daAuts
Vaults:1: 1758 daAuts
 Snake:2: 1661 daAuts
    D:12: 1638 daAuts
